 Dungeon Crawl Stone Soup version 0.30-a0-142-g7370640ec8 (webtiles) character file.

Game seed: 11746807538334388416

346090 qw the Hoplite (level 22, -14/152 HPs)
             Began as a Gargoyle Fighter on Sept 25, 2022.
             Was a High Priest of Okawaru.
             Killed from afar by a rakshasa (18 damage)
             ... with a lance of force
             ... on level 2 of the Depths.
             The game lasted 00:26:00 (47954 turns).

qw the Hoplite (Gargoyle Fighter)                  Turns: 47954, Time: 00:26:00

Health: -14/152    AC: 72    Str: 28    XL:     22   Next: 11%
Magic:  29/29      EV: 16    Int: 16    God:    Okawaru [*****.]
Gold:   334        SH: 23    Dex:  9    Spells: 21/21 levels left

rFire   + + +      SeeInvis +    D - +3 broad axe (spect)
rCold   . . .      Faith    .    H - +0 tower shield {AC+3}
rNeg    + . .      Spirit   .    y - +11 plate armour of the King of the Hill {rPois rF+}
rPois   inf        Reflect  .    B - +2 hat {SInv}
rElec   +          Harm     .    t - +2 cloak {Will+}
rCorr   .          Rampage  inf  C - +4 pair of gloves "Piykumav" {Int+4}
Will    +++..                    G - +3 pair of seven-league boots {Rampage+∞}
Stlth   ..........               q - amulet of Life {RegenMP rF+ Will+}
HPRegen 0.35/turn                r - +4 ring of evasion
MPRegen 0.61/turn                o - +4 ring of protection

@: about to teleport, heroic, flying
A: sickness immunity, AC +16, big wings, negative energy resistance 1,
electricity resistance, torment resistance 1, petrification resistance, fire
resistance 1
}: 2/15 runes: serpentine, barnacled
a: Renounce Religion, Heroism, Finesse, Duel


You were on level 2 of the Depths.
You worshipped Okawaru.
Okawaru was extremely pleased with you.
You visited 7 branches of the dungeon, and saw 36 of its levels.

You collected 3762 gold pieces.
You spent 3428 gold pieces at shops.


Innate Abilities, Weirdness & Mutations

You are immune to sickness and miasma.
Your stone body is resilient. (AC +16)
You are immune to poison.
Your large and strong wings let you fly.
You resist negative energy. (rN+)
You are resistant to electric shocks. (rElec)
You are resistant to unholy torment.
You are immune to petrification.
Your flesh is heat resistant. (rF+)


   Skills:
 + Level 20.1(25.1) Fighting
 - Level 18.0(23.0) Axes
 - Level 8.9(13.9) Throwing
 - Level 19.0(24.0) Armour
 - Level 6.0(11.0) Dodging
 - Level 21.0(26.0) Shields
 - Level 10.0 Invocations


You had 21 spell levels left.
You didn't know any spells.
Your spell library was empty.

Inventory:

Hand Weapons
 D - a +3 spectral broad axe (weapon)
Missiles
 v - 2 boomerangs (quivered)
Armour
 j - the +0 pair of gloves of Dishonesty {rF+ Will+ Int+3 Dex-2}
   (You bought it in a shop on level 4 of the Vaults)

   Int:       It affects your intelligence (+3).
   Dex:       It affects your dexterity (-2).
   rF:        It protects you from fire.
   Will:      It increases your willpower.
 t - a +2 cloak of willpower (worn)
 w - the +0 ring mail of Servitude {rCorr}
   (You found it on level 15 of the Dungeon)

   rCorr:     It protects you from acid and corrosion.
 y - the +11 plate armour of the King of the Hill (worn) {rPois rF+}
   (Okawaru gifted it to you on level 4 of the Lair of Beasts)

   rF:        It protects you from fire.
   rPois:     It protects you from poison.
 A - the +0 cloak of Skepticism {Str+4}
   (Okawaru gifted it to you on level 1 of the Depths)

   Str:       It affects your strength (+4).
 B - a +2 hat of see invisible (worn)
 C - the +4 pair of gloves "Piykumav" (worn) {Int+4}
   (Okawaru gifted it to you on level 3 of the Vaults)

   Int:       It affects your intelligence (+4).
 E - a scarf of resistance
 F - the +0 pair of boots "Mukk" {rF+ Will- Dex+5 Stlth+}
   (Okawaru gifted it to you on level 2 of the Vaults)

   Dex:       It affects your dexterity (+5).
   rF:        It protects you from fire.
   Will:      It decreases your willpower.
   Stlth:     It makes you more stealthy.
 G - the +3 pair of seven-league boots (worn) {Rampage+∞}
   (Okawaru gifted it to you on level 4 of the Vaults)

   Its wearer moves as far as possible in that direction when moving towards
   enemies.
 H - a +0 tower shield of protection (worn)
Jewellery
 e - a ring of protection from fire
 m - a ring of protection from cold
 n - an amulet of regeneration
 o - a +4 ring of protection (right hand)
 q - the amulet of Life (around neck) {RegenMP rF+ Will+}
   (You bought it in a shop on level 2 of the Vaults)

   [amulet of magic regeneration]

   It increases your rate of magic regeneration.
   rF:        It protects you from fire.
   Will:      It increases your willpower.
 r - a +4 ring of evasion (left hand)
 u - a ring of resist corrosion
 x - a ring of protection from fire
Wands
 b - a wand of digging (3)
Scrolls
 a - 24 scrolls of identify
 g - 9 scrolls of teleportation
 l - 2 scrolls of enchant armour
Potions
 c - 5 potions of mutation
 d - 9 potions of might
 f - 9 potions of attraction
 h - 14 potions of curing
 i - 8 potions of lignification
 k - 7 potions of haste
 p - 3 potions of resistance
 s - 5 potions of cancellation
 z - 7 potions of magic

Dungeon Overview and Level Annotations

Branches:
Dungeon (15/15)            Temple (0/1) D:7            Lair (5/5) D:9
 Shoals (4/4) Lair:2        Snake (4/4) Lair:2        Slime (0/5) Lair:4
    Orc (2/2) D:12            Elf (0/3) Orc:2        Vaults (4/5) D:14
  Crypt (0/3) Vaults:3     Depths (2/4) D:15

Altars:
Fedhas
Gozag
Hepliaklqana
Kikubaaqudgha
Makhleb
Nemelex Xobeh
Okawaru
Sif Muna
Trog
Xom
Yredelemnul
Zin
The Shining One
Jiyva

Shops:
D:2 ?   D:4 ?*   D:5 [=   Orc:2 [(([   Snake:2 :*:   Snake:3 *   Vaults:2 =
Vaults:4 *   Depths:1 *

Portals:
Hell: Depths:1
Ziggurat: Depths:2

Annotations:
Snake:2 3 runed translucent doors, Kicir's ghost, adept GnFi
Snake:3 1 transporter
Snake:4 2 runed translucent doors, Zoimialu's ghost, adept OpHW
Vaults:1 36 runed doors


Message History

The rakshasa shimmers and vanishes!
The ice dragon shimmers and vanishes!
You hit the rakshasa but do no damage.
Your +3 spectral broad axe hits the rakshasa!!
You kill the rakshasa!
The rakshasa shimmers and vanishes!
You barely miss the rakshasa.
The rakshasa is heavily wounded.
You hit the rakshasa.
Your +3 spectral broad axe hits the rakshasa!
You kill the rakshasa!
The rakshasa shimmers and vanishes!
Your +3 spectral broad axe barely misses the rakshasa.
You miss the rakshasa.
The rakshasa is heavily wounded.
Your +3 spectral broad axe hits the rakshasa but does no damage.
A stone giant comes into view.
The rakshasa closely misses your +3 spectral broad axe.
The ice dragon breathes frost at you. The blast of cold hits you!!
You hear a shout!
47952 ||| READING 10 scrolls of teleportation.
As you read the scroll of teleportation, it crumbles to dust.
You feel strangely unstable. You block the rakshasa's attack.
The stone giant throws a large rock.
The large rock completely misses you.
You hit the rakshasa but do no damage.
The rakshasa is heavily wounded.
Your +3 spectral broad axe barely misses the rakshasa.
The rakshasa closely misses you.
You slash the rakshasa!
The rakshasa is severely wounded.
Your +3 spectral broad axe barely misses the rakshasa.
Your +3 spectral broad axe hits the ice dragon.
The ice dragon bites your +3 spectral broad axe.
Your spectral weapon shares its damage with you!
The ice dragon claws your +3 spectral broad axe but does no damage.
The ice dragon misses your +3 spectral broad axe.
The rakshasa gestures at you. The lance of force hits you!!
You die...

........##(V..##[ .~~.........#
.R..# ..~.......C.# ##..##.
~.~.........### RC##.
~=.........(..# #... #
~~~~~~.~~........### ... ###
.......~......D....# ## #..
~...#.....[...(R¤..##########.#
~..... #......@.........^.....#
...?..###..>..).....~~~........
.......#..)...%.....~~~~.......
........[..%.........~~~.....).
#....................~~......~
#........))..)...............~
###...........(~...............~
##.....~~.~~.~~~%......).........
.....<.~~.~~.~~~%~..(...........~


You could see an ice dragon (ally target), a stone giant, a rakshasa and a
friendly +3 spectral broad axe (summoned).

Vanquished Creatures
  Mara (Snake:3)
  Xtahua (Vaults:4)
  Nikola (Vaults:3)
  the Enchantress (Depths:1)
  Asterion (Snake:2)
  A titan (Depths:2)
  A walking divine tome (Depths:2)
  Polyphemus (Shoals:3)
  2 sphinxes
  2 tengu reavers (Depths:2)
  A shadow dragon (Vaults:4)
  A kraken (Shoals:3)
  Roxanne (Snake:2)
  5 nagarajas (Snake:4)
  5 frost giants
  A fire giant (Depths:2)
  A deep elf sorcerer (Vaults:1)
  An orc warlord (Vaults:1)
  12 vault wardens
  Aizul (Snake:2)
  12 ironbound preservers
  4 spriggan defenders (Depths:1)
  2 war gargoyles (Vaults:3)
  6 very ugly things
  A vampire knight (Depths:2)
  10 stone giants
  4 ironbound thunderhulks
  A deep elf annihilator (Vaults:1)
  9 dire elephants
  2 ettins
  4 crystal guardians
  2 jiangshi (Depths:1)
  5 entropy weavers
  10 merfolk impalers
  3 fire dragons
  6 vault guards
  4 merfolk javelineers
  7 peacekeepers
  A great orb of eyes (Vaults:2)
  2 spectral krakens (Shoals:4)
  15 yaktaur captains
  5 ice dragons
  A rakshasa (Depths:2)
  4 salamander tyrants
  3 hydras
  3 spriggan air magi
  3 merfolk aquamancers
  An ogre mage (D:15)
  3 alligator snapping turtles
  3 catoblepae
  2 ghost crabs (Shoals:4)
  7 two-headed ogres
  16 centaur warriors
  9 ironbound frosthearts
  6 satyrs
  7 boulder beetles
  9 anacondas
  A hell hog (Depths:1)
  A merfolk avatar (Shoals:4)
  6 death yaks
  3 deep troll shamans
  2 vampire magi (Depths:1)
  3 spriggan berserkers
  3 tengu warriors
  21 naga warriors
  A titan zombie (Depths:2)
  A hell knight (Vaults:4)
  4 orc high priests (Orc:2)
  10 shock serpents
  A deep troll earth mage (Depths:1)
  13 naga sharpshooters
  A soul eater (Depths:1)
  A sun demon (Depths:1)
  2 salamander mystics
  A shadow wraith (D:14)
  2 iron trolls (Depths:1)
  8 sea snakes
  41 deep trolls
  A flayed ghost (Depths:1)
  A glowing orange brain (Vaults:2)
  5 naga ritualists
  3 phantasmal warriors (Snake:1)
  10 wizards
  18 lindwurms
  A kraken simulacrum (Shoals:4)
  Pikel (D:4)
  23 harpies
  A deep elf pyromancer (D:13)
  9 orc knights
  2 necromancers
  18 ironbound convokers
  39 ugly things
  3 orc sorcerers (Orc:2)
  15 salamanders
  11 mana vipers
  17 manticores
  Joseph (D:9)
  25 fauns
  6 cyclopes
  13 vault sentinels
  26 elephants
  Maurice (D:11)
  30 black mambas
  4 merfolk sirens
  7 guardian serpents (Snake:4)
  11 cane toads
  A torpor snail (Lair:2)
  12 naga magi
  5 water nymphs
  4 unseen horrors
  A gargoyle (D:10)
  A komodo dragon (shapeshifter) (D:14)
  5 rime drakes
  6 komodo dragons
  An efreet (D:15)
  30 yaktaurs
  A freezing wraith (Vaults:1)
  2 spectral merfolk (Shoals:4)
  A tengu conjurer (D:14)
  A spectral naga (Snake:1)
  7 trolls
  A spectral water nymph (Shoals:4)
  30 merfolk
  2 hornets (Depths:1)
  5 polar bears
  12 snapping turtles
  4 wind drakes
  Prince Ribbit (D:9)
  Grinder (D:4)
  8 blink frogs
  An ettin zombie (Depths:2)
  32 slime creatures
  3 culicivoras
  5 shadows
  56 yaks
  A vampire (D:14)
  A wraith (D:10)
  4 spriggans (Depths:1)
  5 basilisks
  5 wyverns
  15 water elementals
  6 redbacks
  A fire elemental (D:13)
  6 vampire mosquitoes
  4 wargs
  A swamp worm (shapeshifter) (Vaults:3)
  64 nagas
  An acid dragon (D:13)
  2 spectral snapping turtles (Shoals:4)
  A floating eye (Depths:2)
  9 water moccasins
  A sky beast (D:7)
  19 orc warriors
  A glowing shapeshifter skeleton (Depths:2)
  2 black bears
  3 ice beasts
  4 ogres
  9 wolves (Lair:5)
  7 centaurs
  A kobold brigand (D:9)
  3 phantoms
  2 gnoll sergeants
  11 bullfrogs
  A necrophage (D:4)
  2 scorpions
  12 wights
  13 killer bees
  2 troll zombies (D:12)
  5 electric eels
  3 howler monkeys (D:10)
  A hound (D:5)
  A jelly (D:8)
  14 orc priests
  3 gnoll boudas
  Ijyb (D:4)
  3 iguanas
  13 orc wizards
  4 ogre zombies (D:12)
  6 adders
  20 gnolls
  2 shadow imps
  A white imp (D:8)
  An ufetubus (D:4)
  A worm (D:5)
  4 dart slugs
  87 orcs
  8 bats
  7 endoplasms
  8 goblins
  12 hobgoblins
  5 jackals (D:3)
  12 kobolds
  5 quokkas
  3 ball pythons
  3 frilled lizards
  A goblin skeleton (D:12)
  3 goblin zombies (D:12)
  2 hobgoblin skeletons (D:12)
  2 hobgoblin zombies (D:12)
  An orc skeleton (D:12)
  10 orc zombies (D:12)
  3 rats (D:2)
  4 tentacles
1378 creatures vanquished.

Vanquished Creatures (others)
  An ice dragon (Depths:2)
  A naga ritualist (Snake:4)
  2 mana vipers (Snake:4)
  A black mamba (Snake:1)
  A hellion (Depths:1)
  16 fungi
  83 plants
  11 tentacles
  9 withered plants (Shoals:4)
125 creatures vanquished.

Grand Total: 1503 creatures vanquished

Notes
Turn   | Place    | Note
-------+----------+-------------------------------------------
     0 | D:1      | qw the Gargoyle Fighter began the quest for the Orb.
     0 | D:1      | Reached XP level 1. HP: 14/14 MP: 1/1
     0 | D:1      | 0 ||| qw: Version: 0.2-a-10-g399e6c4
     0 | D:1      | 0 ||| qw: Game counter: 394
     0 | D:1      | 0 ||| qw: Always use a shield: true
     0 | D:1      | 0 ||| qw: God list: Okawaru
     0 | D:1      | 0 ||| qw: Allow faded altars: false
     0 | D:1      | 0 ||| qw: Do Orc after D:15 true
     0 | D:1      | 0 ||| qw: Do second Lair branch before Depths: true
     0 | D:1      | 0 ||| qw: Lair rune preference: random
     0 | D:1      | 0 ||| qw: Plans: Normal, Zot:1-4, God:TSO, Crypt, Tomb,
                  | Pan, Slime:5, Hells, Abyss, Orb
     0 | D:1      | 0 ||| PLANNING D:1-11
   136 | D:1      | 136 ||| Stepping ~*~*~tactically~*~*~ (hiding).
   145 | D:1      | Reached XP level 2. HP: 19/19 MP: 2/2
   943 | D:1      | 943 ||| UPGRADING to +2 hat.
   948 | D:1      | 948 ||| DROPPING ring of wizardry.
   949 | D:1      | 949 ||| READING 3 scrolls labelled QEIQUQ WUTS.
   950 | D:1      | 950 ||| READING scroll labelled AMAL JULEFIRPH.
   951 | D:1      | 951 ||| READING scroll labelled IRRIFI OKHLABO.
   952 | D:1      | 952 ||| DRINKING 2 bubbling blue potions.
   953 | D:1      | 953 ||| DRINKING 2 viscous sapphire potions.
   983 | D:1      | 983 ||| READING 2 scrolls of identify.
   983 | D:1      | 983 ||| IDENTIFYING coppery potion
  1273 | D:2      | Found a blossoming altar of Fedhas.
  1288 | D:2      | Reached skill level 3 in Axes
  1316 | D:2      | Reached XP level 3. HP: 20/23 MP: 3/3
  1452 | D:2      | Reached XP level 4. HP: 28/28 MP: 4/4
  1631 | D:2      | Found Omaiffea's Magic Scroll Emporium.
  1637 | D:2      | 1637 ||| BUYING scroll of brand weapon (104 gold).
  1637 | D:2      | Bought a scroll of brand weapon for 104 gold pieces
  1637 | D:2      | 1637 ||| SHOPLISTING scroll of enchant weapon (82 gold,
                  | have 20).
  1637 | D:2      | 1637 ||| SHOPLISTING scroll of teleportation (33 gold, have
                  | 20).
  1637 | D:2      | 1637 ||| READING scroll of brand weapon.
  1637 | D:2      | 1637 ||| BRANDING +0 war axe.
  1958 | D:2      | 1958 ||| UPGRADING to +0 pair of gloves.
  1963 | D:2      | 1963 ||| DROPPING ring of flight.
  1964 | D:2      | 1964 ||| READING 2 scrolls labelled JOBLIU VARATSE.
  1965 | D:2      | 1965 ||| READING scroll labelled BAZECH OGGUMNY.
  1966 | D:2      | 1966 ||| READING scroll labelled QATHRE UVUUTHY.
  1967 | D:2      | 1967 ||| DRINKING 2 metallic grey potions.
  1967 | D:2      | Gained mutation: You are occasionally teleported next to
                  | monsters. [potion of mutation]
  1967 | D:2      | Gained mutation: You do not regenerate when monsters are
                  | visible. [potion of mutation]
  1967 | D:2      | Gained mutation: Your spells are a little easier to cast,
                  | but a little less powerful. [potion of mutation]
  1968 | D:2      | 1968 ||| DRINKING potion of mutation.
  1968 | D:2      | Lost mutation: Your spells are a little easier to cast, but
                  | a little less powerful. [potion of mutation]
  1968 | D:2      | Lost mutation: You do not regenerate when monsters are
                  | visible. [potion of mutation]
  1968 | D:2      | Gained mutation: You sometimes lose your temper in combat.
                  | [potion of mutation]
  1969 | D:2      | 1969 ||| DROPPING scroll of immolation.
  1992 | D:3      | 1992 ||| PLANNING SEWER
  2077 | D:3      | 2077 ||| Stepping ~*~*~tactically~*~*~ (stealth).
  2087 | D:3      | 2087 ||| Stepping ~*~*~tactically~*~*~ (stealth).
  2243 | D:3      | Noticed a black bear
  2243 | D:3      | Noticed a phantom
  2244 | D:3      | 2244 ||| Stepping ~*~*~tactically~*~*~ (hiding).
  2245 | D:3      | 2245 ||| Stepping ~*~*~tactically~*~*~ (stealth).
  2250 | D:3      | Killed a black bear
  2251 | D:3      | Reached XP level 5. HP: 27/32 MP: 5/5
  2252 | D:3      | Killed a phantom
  2253 | D:3      | Reached XP level 6. HP: 33/39 MP: 6/6
  2564 | D:3      | You fall into a shaft and drop 1 floor!
  2564 | D:4      | Found Xarghi's Magic Scroll Emporium.
  2565 | D:4      | 2565 ||| READING 2 scrolls labelled VILLUT QOAL.
  2566 | D:4      | 2566 ||| READING 4 scrolls labelled NUT URPHITRU.
  2570 | D:4      | 2570 ||| READING scroll labelled PEKAGA REJE.
  2630 | D:4      | 2630 ||| DRINKING 2 metallic white potions.
  2631 | D:4      | 2631 ||| DROPPING scroll of magic mapping.
  2634 | D:4      | 2634 ||| FLEEEEING.
  2636 | D:4      | Noticed Pikel
  2644 | D:4      | HP: 9/39 [lemure[Pikel] (2)]
  2645 | D:4      | 2645 ||| READING 3 scrolls of teleportation.
  2645 | D:4      | HP: 2/39 [orc/+0 club (3)]
  2646 | D:4      | 2646 ||| DRINKING potion of heal wounds.
  2775 | D:4      | Reached skill level 1 in Dodging
  2780 | D:4      | Noticed Ijyb
  2781 | D:4      | 2781 ||| Stepping ~*~*~tactically~*~*~ (hiding).
  2782 | D:4      | 2782 ||| Stepping ~*~*~tactically~*~*~ (hiding).
  2793 | D:4      | Killed Ijyb
  2895 | D:4      | 2895 ||| RIP SEWER
  2895 | D:4      | 2895 ||| PLANNING D:1-11
  2901 | D:4      | 2901 ||| FLEEEEING.
  2902 | D:4      | 2902 ||| FLEEEEING.
  2903 | D:4      | 2903 ||| FLEEEEING.
  2904 | D:4      | 2904 ||| STAIRDANCE
  2905 | D:3      | 2905 ||| RIP SEWER
  2925 | D:3      | 2925 ||| DRINKING potion of mutation.
  2925 | D:3      | Lost mutation: You are occasionally teleported next to
                  | monsters. [potion of mutation]
  2925 | D:3      | Lost mutation: You sometimes lose your temper in combat.
                  | [potion of mutation]
  2925 | D:3      | Gained mutation: You are vulnerable to heat. (rF-) [potion
                  | of mutation]
  3072 | D:3      | Found a faded altar of an unknown god.
  3095 | D:3      | HP: 9/39 [gnoll/+0 club[a gnoll sergeant] (3)]
  3096 | D:3      | 3096 ||| READING 2 scrolls of teleportation.
  3366 | D:3      | Reached XP level 7. HP: 42/44 MP: 7/7
  3378 | D:3      | 3378 ||| DROPPING +0 club.
  3463 | D:3      | 3463 ||| DROPPING +0 whip.
  3708 | D:3      | Reached skill level 6 in Axes
  3799 | D:3      | 3799 ||| UPGRADING to +0 chain mail of fire resistance.
  3809 | D:3      | 3809 ||| DROPPING +0 scale mail.
  3810 | D:3      | 3810 ||| UPGRADING to +0 kite shield.
  3820 | D:3      | 3820 ||| DROPPING +0 buckler.
  3821 | D:3      | 3821 ||| UPGRADING to ring of positive energy.
  3822 | D:3      | 3822 ||| READING 2 scrolls labelled TAFAAMYOFI.
  3823 | D:3      | 3823 ||| DROPPING scroll of fear.
  3853 | D:4      | 3853 ||| Stepping ~*~*~tactically~*~*~ (hiding).
  3855 | D:4      | 3855 ||| Stepping ~*~*~tactically~*~*~ (hiding).
  3891 | D:4      | 3891 ||| BUYING scroll of enchant armour (105 gold).
  3891 | D:4      | Bought a scroll of enchant armour for 105 gold pieces
  3891 | D:4      | 3891 ||| SHOPLISTING scroll of teleportation (42 gold, have
                  | 9).
  3891 | D:4      | 3891 ||| READING scroll of enchant armour.
  3891 | D:4      | 3891 ||| ENCHANTING +0 pair of gloves.
  3948 | D:4      | Noticed Grinder
  3959 | D:4      | Paralysed by Grinder for 5 turns
  3968 | D:4      | Paralysed by Grinder for 5 turns
  3976 | D:4      | Paralysed by Grinder for 5 turns
  3981 | D:4      | Killed Grinder
  3982 | D:4      | Reached skill level 5 in Shields
  4100 | D:4      | Killed Pikel
  4101 | D:4      | Reached skill level 7 in Shields
  4101 | D:4      | Reached XP level 8. HP: 33/48 MP: 8/8
  4308 | D:4      | Found Ejuasi's General Store.
  4316 | D:4      | 4316 ||| SHOPLISTING 2 potions of mutation (224 gold, have
                  | 9).
  4404 | D:4      | 4404 ||| UPGRADING to ring of protection from fire.
  4405 | D:4      | 4405 ||| READING scroll labelled QYFRUVV NURY.
  4406 | D:4      | 4406 ||| READING 3 scrolls of identify.
  4406 | D:4      | 4406 ||| IDENTIFYING white potion
  4407 | D:4      | 4407 ||| DROPPING potion of degeneration.
  4412 | D:5      | Entered Level 5 of the Dungeon
  4412 | D:5      | Found Duginlum's Jewellery Shop.
  4419 | D:5      | 4419 ||| SHOPLISTING +6 ring of dexterity (432 gold, have
                  | 9).
  4419 | D:5      | 4419 ||| SHOPLISTING amulet of guardian spirit (360 gold,
                  | have 9).
  4419 | D:5      | 4419 ||| SHOPLISTING amulet of regeneration (360 gold, have
                  | 9).
  4419 | D:5      | 4419 ||| SHOPLISTING ring of ice (300 gold, have 9).
  4419 | D:5      | 4419 ||| SHOPLISTING ring of protection from fire (300
                  | gold, have 9).
  4667 | D:5      | Found Ciduower's Antique Armour Shoppe.
  4671 | D:5      | Found Yshrom's Assorted Antiques.
  4675 | D:5      | 4675 ||| SHOPLISTING runed ring mail (217 gold, have 41).
  5249 | D:5      | 5249 ||| UPGRADING to ring of protection from cold.
  5251 | D:5      | 5251 ||| UPGRADING to +4 ring of evasion.
  5253 | D:5      | 5253 ||| UPGRADING to ring of protection from cold.
  5255 | D:5      | 5255 ||| READING 2 scrolls labelled ROEMAU BUUNYM.
  5256 | D:5      | 5256 ||| READING 3 scrolls of identify.
  5256 | D:5      | 5256 ||| IDENTIFYING grey potion
  5257 | D:5      | 5257 ||| DROPPING scroll of amnesia.
  5283 | D:6      | 5283 ||| Stepping ~*~*~tactically~*~*~ (stealth).
  5284 | D:6      | 5284 ||| Stepping ~*~*~tactically~*~*~ (stealth).
  5289 | D:6      | 5289 ||| Stepping ~*~*~tactically~*~*~ (hiding).
  5293 | D:6      | 5293 ||| DRINKING 4 potions of curing.
  5293 | D:6      | 5293 ||| (to cure confusion)
  5362 | D:6      | 5362 ||| Stepping ~*~*~tactically~*~*~ (stealth).
  5365 | D:6      | 5365 ||| Stepping ~*~*~tactically~*~*~ (stealth).
  5377 | D:6      | 5377 ||| DRINKING 3 potions of curing.
  5377 | D:6      | 5377 ||| (to cure confusion)
  5573 | D:6      | Reached XP level 9. HP: 54/54 MP: 9/9
  5801 | D:6      | Reached skill level 1 in Throwing
  6444 | D:6      | 6444 ||| UPGRADING to +0 pair of boots.
  6594 | D:7      | 6594 ||| DRINKING 3 potions of curing.
  6594 | D:7      | 6594 ||| (to cure confusion)
  6611 | D:7      | 6611 ||| FLEEEEING.
  6612 | D:7      | 6612 ||| FLEEEEING.
  6613 | D:7      | 6613 ||| FLEEEEING.
  6614 | D:7      | 6614 ||| FLEEEEING.
  6615 | D:7      | 6615 ||| FLEEEEING.
  6616 | D:7      | 6616 ||| FLEEEEING.
  6617 | D:7      | 6617 ||| FLEEEEING.
  6618 | D:7      | 6618 ||| FLEEEEING.
  6619 | D:7      | 6619 ||| FLEEEEING.
  6620 | D:7      | 6620 ||| FLEEEEING.
  6621 | D:7      | 6621 ||| FLEEEEING.
  6821 | D:7      | Found a staircase to the Ecumenical Temple.
  6833 | D:7      | Reached skill level 6 in Fighting
  6840 | D:7      | Reached skill level 8 in Shields
  7191 | D:7      | Found a blossoming altar of Fedhas.
  7222 | D:7      | 7222 ||| UPGRADING to +0 plate armour.
  7232 | D:7      | 7232 ||| DRINKING 4 potions of mutation.
  7232 | D:7      | Lost mutation: You are vulnerable to heat. (rF-) [potion of
                  | mutation]
  7232 | D:7      | Gained mutation: You occasionally lose the ability to drink
                  | potions when taking damage. [potion of mutation]
  7232 | D:7      | Gained mutation: Your muscles are strong. (Str +4, Int/Dex
                  | -1) [potion of mutation]
  7232 | D:7      | Gained mutation: Your muscles are very strong. (Str +8,
                  | Int/Dex -2) [potion of mutation]
  7233 | D:7      | 7233 ||| DRINKING 3 potions of mutation.
  7233 | D:7      | Lost mutation: Your muscles are very strong. (Str +8,
                  | Int/Dex -2) [potion of mutation]
  7233 | D:7      | Lost mutation: You occasionally lose the ability to drink
                  | potions when taking damage. [potion of mutation]
  7233 | D:7      | Lost mutation: Your muscles are strong. (Str +4, Int/Dex
                  | -1) [potion of mutation]
  7233 | D:7      | Gained mutation: Your flesh is heat resistant. (rF+)
                  | [potion of mutation]
  7542 | D:8      | 7542 ||| Stepping ~*~*~tactically~*~*~ (stealth).
  7550 | D:8      | 7550 ||| Stepping ~*~*~tactically~*~*~ (stealth).
  7554 | D:8      | 7554 ||| Stepping ~*~*~tactically~*~*~ (stealth).
  7557 | D:8      | 7557 ||| Stepping ~*~*~tactically~*~*~ (stealth).
  7562 | D:8      | Noticed a manticore
  7568 | D:8      | Reached skill level 9 in Axes
  7573 | D:8      | Reached XP level 10. HP: 29/60 MP: 10/10
  7576 | D:8      | HP: 8/60 [yak (11)]
  7577 | D:8      | 7577 ||| READING 4 scrolls of teleportation.
  7579 | D:8      | Reached skill level 6 in Armour
  7671 | D:8      | 7671 ||| FLEEEEING.
  7672 | D:8      | 7672 ||| FLEEEEING.
  7673 | D:8      | 7673 ||| FLEEEEING.
  7674 | D:8      | 7674 ||| FLEEEEING.
  8010 | D:8      | 8010 ||| FLEEEEING.
  8214 | D:8      | 8214 ||| READING scroll of enchant weapon.
  8214 | D:8      | 8214 ||| ENCHANTING +1 vorpal war axe.
  8240 | D:8      | Found a basalt altar of Yredelemnul.
  8242 | D:8      | Found a hazy altar of Hepliaklqana.
  8242 | D:8      | Found an iron altar of Okawaru.
  8242 | D:8      | Found a glowing golden altar of the Shining One.
  8243 | D:8      | 8243 ||| PLANNING OKAWARU WORSHIP
  8270 | D:8      | Found a burning altar of Makhleb.
  8270 | D:8      | Found an opulent altar of Gozag.
  8277 | D:8      | Became a worshipper of Warmaster Okawaru
  8278 | D:8      | 8278 ||| PLANNING D:1-11
  8364 | D:8      | 8364 ||| Stepping ~*~*~tactically~*~*~ (hiding).
  8365 | D:8      | 8365 ||| Stepping ~*~*~tactically~*~*~ (hiding).
  8374 | D:8      | Killed a manticore
  8375 | D:8      | Reached skill level 9 in Shields
  8491 | D:8      | Reached * piety under Okawaru
  8506 | D:8      | Reached skill level 1 in Invocations
  8691 | D:9      | 8691 ||| STAIRDANCE
  8737 | D:9      | 8737 ||| INVOKING Heroism.
  8756 | D:9      | 8756 ||| DROPPING +0 flail.
  8759 | D:9      | Noticed Prince Ribbit
  8781 | D:9      | 8781 ||| INVOKING Heroism.
  8786 | D:9      | Killed Prince Ribbit
  8788 | D:9      | Reached ** piety under Okawaru
  8789 | D:9      | Reached skill level 3 in Invocations
  8872 | D:9      | Found a staircase to the Lair.
  8934 | D:9      | Found a shimmering altar of Xom.
  9003 | D:9      | Noticed Joseph
  9004 | D:9      | 9004 ||| Stepping ~*~*~tactically~*~*~ (stealth).
  9007 | D:9      | 9007 ||| INVOKING Heroism.
  9026 | D:9      | 9026 ||| INVOKING Heroism.
  9029 | D:9      | Killed Joseph
  9030 | D:9      | Reached XP level 11. HP: 43/68 MP: 10/14
  9158 | D:9      | 9158 ||| Stepping ~*~*~tactically~*~*~ (hiding).
  9163 | D:9      | 9163 ||| INVOKING Heroism.
  9192 | D:9      | 9192 ||| INVOKING Heroism.
  9195 | D:9      | 9195 ||| Stepping ~*~*~tactically~*~*~ (stealth).
  9233 | D:9      | Reached *** piety under Okawaru
  9269 | D:9      | 9269 ||| INVOKING Heroism.
  9567 | D:9      | 9567 ||| PLANNING LAIR
  9567 | D:9      | 9567 ||| UPGRADING to +2 cloak of preservation.
  9572 | D:9      | 9572 ||| DRINKING 2 pink potions.
  9573 | D:9      | 9573 ||| DROPPING potion of flight.
  9621 | Lair:1   | Entered Level 1 of the Lair of Beasts
  9622 | Lair:1   | 9622 ||| INVOKING Heroism.
  9821 | Lair:1   | 9821 ||| INVOKING Heroism.
  9881 | Lair:1   | 9881 ||| INVOKING Heroism.
  9950 | Lair:1   | 9950 ||| Stepping ~*~*~tactically~*~*~ (stealth).
  9956 | Lair:1   | 9956 ||| INVOKING Heroism.
  9964 | Lair:1   | 9964 ||| Stepping ~*~*~tactically~*~*~ (stealth).
  9972 | Lair:1   | 9972 ||| INVOKING Heroism.
 10238 | Lair:1   | Found a dark tunnel.
 10352 | Lair:1   | 10352 ||| INVOKING Heroism.
 10364 | Lair:1   | Received a gift from Okawaru
 10369 | Lair:1   | Reached **** piety under Okawaru
 10494 | Lair:1   | 10494 ||| READING 4 scrolls of identify.
 10494 | Lair:1   | 10494 ||| IDENTIFYING emerald potion
 10495 | Lair:1   | 10495 ||| READING 4 scrolls of teleportation.
 10508 | Lair:1   | 10508 ||| INVOKING Heroism.
 10525 | Lair:1   | 10525 ||| INVOKING Heroism.
 10685 | Lair:1   | 10685 ||| INVOKING Heroism.
 10690 | Lair:1   | Reached skill level 10 in Shields
 10706 | Lair:1   | 10706 ||| INVOKING Heroism.
 10967 | Lair:2   | 10967 ||| INVOKING Heroism.
 11033 | Lair:2   | Found a staircase to the Shoals.
 11156 | Lair:2   | 11156 ||| INVOKING Heroism.
 11289 | Lair:2   | Reached XP level 12. HP: 58/75 MP: 14/16
 11390 | Lair:2   | Noticed a boulder beetle
 11393 | Lair:2   | 11393 ||| INVOKING Heroism.
 11407 | Lair:2   | Killed a boulder beetle
 11408 | Lair:2   | Reached skill level 9 in Fighting
 11422 | Lair:2   | Reached skill level 6 in Invocations
 11481 | Lair:2   | Found a glowing silver altar of Zin.
 11666 | Lair:2   | 11666 ||| Stepping ~*~*~tactically~*~*~ (hiding).
 11685 | Lair:2   | 11685 ||| Stepping ~*~*~tactically~*~*~ (hiding).
 11686 | Lair:2   | 11686 ||| Stepping ~*~*~tactically~*~*~ (hiding).
 11696 | Lair:2   | 11696 ||| INVOKING Heroism.
 11946 | Lair:2   | 11946 ||| SWAPPING to +0 broad axe.
 11947 | Lair:2   | 11947 ||| DROPPING +2 vorpal war axe.
 11962 | Lair:2   | Found a staircase to the Snake Pit.
 12168 | Lair:2   | 12168 ||| READING 6 scrolls of identify.
 12168 | Lair:2   | 12168 ||| IDENTIFYING sedimented sapphire potion
 12225 | Lair:3   | 12225 ||| INVOKING Heroism.
 12391 | Lair:3   | 12391 ||| Stepping ~*~*~tactically~*~*~ (stealth).
 12394 | Lair:3   | 12394 ||| INVOKING Heroism.
 12399 | Lair:3   | Reached ***** piety under Okawaru
 12410 | Lair:3   | Reached skill level 3 in Throwing
 12450 | Lair:3   | 12450 ||| INVOKING Heroism.
 12675 | Lair:3   | Noticed an eight-headed hydra
 12678 | Lair:3   | 12678 ||| INVOKING Heroism.
 12679 | Lair:3   | 12679 ||| SWAPPING to +2 flail.
 12680 | Lair:3   | 12680 ||| INVOKING Finesse.
 12680 | Lair:3   | Noticed a five-headed hydra
 12681 | Lair:3   | 12681 ||| Stepping ~*~*~tactically~*~*~ (stealth).
 12682 | Lair:3   | 12682 ||| INVOKING Finesse.
 12690 | Lair:3   | Killed an eight-headed hydra
 12691 | Lair:3   | 12691 ||| SWAPPING to +0 broad axe.
 12708 | Lair:3   | 12708 ||| SWAPPING to +2 flail.
 12711 | Lair:3   | Killed a five-headed hydra
 12712 | Lair:3   | 12712 ||| SWAPPING to +0 broad axe.
 12794 | Lair:3   | 12794 ||| INVOKING Heroism.
 12893 | Lair:3   | 12893 ||| Stepping ~*~*~tactically~*~*~ (stealth).
 12903 | Lair:3   | 12903 ||| INVOKING Heroism.
 13115 | Lair:3   | 13115 ||| FLEEEEING.
 13117 | Lair:3   | 13117 ||| FLEEEEING.
 13118 | Lair:3   | 13118 ||| FLEEEEING.
 13119 | Lair:3   | 13119 ||| STAIRDANCE
 13121 | Lair:2   | 13121 ||| DROPPING +2 hat.
 13122 | Lair:2   | 13122 ||| DROPPING ring of magical power.
 13125 | Lair:3   | 13125 ||| INVOKING Heroism.
 13129 | Lair:3   | 13129 ||| STAIRDANCE
 13150 | Lair:3   | 13150 ||| Stepping ~*~*~tactically~*~*~ (stealth).
 13153 | Lair:3   | 13153 ||| INVOKING Heroism.
 13201 | Lair:3   | 13201 ||| INVOKING Heroism.
 13208 | Lair:3   | Reached skill level 9 in Invocations
 13610 | Lair:4   | Identified the +11 plate armour of the King of the Hill
                  | {rPois rF+} (Okawaru gifted it to you on level 4 of the
                  | Lair of Beasts)
 13610 | Lair:4   | Received a gift from Okawaru
 13611 | Lair:4   | Reached skill level 12 in Axes
 13638 | Lair:4   | 13638 ||| INVOKING Heroism.
 13647 | Lair:4   | 13647 ||| Stepping ~*~*~tactically~*~*~ (stealth).
 13651 | Lair:4   | 13651 ||| Stepping ~*~*~tactically~*~*~ (stealth).
 13660 | Lair:4   | 13660 ||| INVOKING Heroism.
 13737 | Lair:4   | 13737 ||| INVOKING Heroism.
 13741 | Lair:4   | Reached skill level 9 in Armour
 13741 | Lair:4   | Reached XP level 13. HP: 52/80 MP: 17/20
 13919 | Lair:4   | 13919 ||| Stepping ~*~*~tactically~*~*~ (stealth).
 13993 | Lair:4   | 13993 ||| INVOKING Heroism.
 14047 | Lair:4   | 14047 ||| READING scroll of enchant weapon.
 14047 | Lair:4   | 14047 ||| ENCHANTING +0 broad axe.
 14206 | Lair:4   | 14206 ||| INVOKING Heroism.
 14257 | Lair:4   | 14257 ||| INVOKING Heroism.
 14394 | Lair:4   | 14394 ||| INVOKING Heroism.
 14641 | Lair:4   | Found a staircase to the Slime Pits.
 14642 | Lair:4   | Found a viscous altar of Jiyva.
 14913 | Lair:4   | 14913 ||| INVOKING Heroism.
 15039 | Lair:4   | 15039 ||| Stepping ~*~*~tactically~*~*~ (stealth).
 15042 | Lair:4   | 15042 ||| INVOKING Heroism.
 15205 | Lair:4   | 15205 ||| DROPPING +0 chain mail of fire resistance.
 15206 | Lair:4   | 15206 ||| UPGRADING to +11 plate armour of the King of the
                  | Hill {rPois rF+}.
 15216 | Lair:4   | 15216 ||| DROPPING +0 plate armour.
 15217 | Lair:4   | 15217 ||| READING scroll labelled OXEUBI HAIKU.
 15255 | Lair:5   | Entered Level 5 of the Lair of Beasts
 15256 | Lair:5   | 15256 ||| INVOKING Heroism.
 15258 | Lair:5   | 15258 ||| STAIRDANCE
 15313 | Lair:5   | 15313 ||| Stepping ~*~*~tactically~*~*~ (hiding).
 15316 | Lair:5   | 15316 ||| INVOKING Heroism.
 15329 | Lair:5   | 15329 ||| INVOKING Finesse.
 15335 | Lair:5   | 15335 ||| SWAPPING to +2 flail.
 15346 | Lair:5   | 15346 ||| SWAPPING to +1 broad axe.
 15388 | Lair:5   | 15388 ||| Stepping ~*~*~tactically~*~*~ (stealth).
 15456 | Lair:5   | 15456 ||| Stepping ~*~*~tactically~*~*~ (stealth).
 15457 | Lair:5   | 15457 ||| INVOKING Heroism.
 15459 | Lair:5   | 15459 ||| Stepping ~*~*~tactically~*~*~ (stealth).
 15476 | Lair:5   | Reached skill level 11 in Shields
 15530 | Lair:5   | 15530 ||| INVOKING Heroism.
 15620 | Lair:5   | 15620 ||| INVOKING Heroism.
 15844 | Lair:5   | 15844 ||| Stepping ~*~*~tactically~*~*~ (stealth).
 16055 | Lair:5   | 16055 ||| Stepping ~*~*~tactically~*~*~ (stealth).
 16056 | Lair:5   | 16056 ||| INVOKING Heroism.
 16110 | Lair:5   | 16110 ||| INVOKING Heroism.
 16163 | Lair:5   | 16163 ||| INVOKING Heroism.
 16164 | Lair:5   | 16164 ||| INVOKING Finesse.
 16181 | Lair:5   | Received a gift from Okawaru
 16193 | Lair:5   | Gained mutation: Your large and strong wings let you fly.
                  | [Gargoyle growth]
 16193 | Lair:5   | Reached XP level 14. HP: 68/88 MP: 15/21
 16471 | Lair:5   | 16471 ||| PLANNING D:1-11
 16471 | Lair:5   | 16471 ||| READING scroll labelled PEOSAPHAVURGH.
 16572 | Lair:5   | 16572 ||| READING 7 scrolls of identify.
 16572 | Lair:5   | 16572 ||| IDENTIFYING dark potion
 16763 | D:10     | Entered Level 10 of the Dungeon
 16766 | D:10     | 16766 ||| Stepping ~*~*~tactically~*~*~ (stealth).
 16769 | D:10     | 16769 ||| INVOKING Heroism.
 16924 | D:10     | 16924 ||| Stepping ~*~*~tactically~*~*~ (stealth).
 16926 | D:10     | 16926 ||| INVOKING Heroism.
 17010 | D:10     | 17010 ||| Stepping ~*~*~tactically~*~*~ (hiding).
 17012 | D:10     | 17012 ||| Stepping ~*~*~tactically~*~*~ (stealth).
 17013 | D:10     | 17013 ||| Stepping ~*~*~tactically~*~*~ (hiding).
 17014 | D:10     | 17014 ||| Stepping ~*~*~tactically~*~*~ (hiding).
 17015 | D:10     | 17015 ||| Stepping ~*~*~tactically~*~*~ (hiding).
 17016 | D:10     | 17016 ||| Stepping ~*~*~tactically~*~*~ (hiding).
 17025 | D:10     | 17025 ||| INVOKING Heroism.
 17097 | D:10     | Identified the +5 falchion of Wounding {vorpal, rPois}
 17118 | D:10     | 17118 ||| DROPPING +2 flail.
 17126 | D:10     | 17126 ||| INVOKING Heroism.
 17345 | D:10     | 17345 ||| Stepping ~*~*~tactically~*~*~ (stealth).
 17355 | D:10     | 17355 ||| INVOKING Heroism.
 17761 | D:10     | Found a sparkling altar of Nemelex Xobeh.
 18134 | D:10     | 18134 ||| DROPPING amulet of guardian spirit.
 18208 | D:11     | 18208 ||| Stepping ~*~*~tactically~*~*~ (hiding).
 18219 | D:11     | 18219 ||| FLEEEEING.
 18220 | D:11     | 18220 ||| FLEEEEING.
 18221 | D:11     | 18221 ||| FLEEEEING.
 18222 | D:11     | 18222 ||| FLEEEEING.
 18223 | D:11     | 18223 ||| FLEEEEING.
 18225 | D:11     | 18225 ||| FLEEEEING.
 18226 | D:11     | 18226 ||| FLEEEEING.
 18230 | D:11     | 18230 ||| FLEEEEING.
 18231 | D:11     | 18231 ||| FLEEEEING.
 18232 | D:11     | 18232 ||| FLEEEEING.
 18233 | D:11     | 18233 ||| FLEEEEING.
 18234 | D:11     | 18234 ||| FLEEEEING.
 18235 | D:11     | 18235 ||| FLEEEEING.
 18250 | D:11     | 18250 ||| FLEEEEING.
 18251 | D:11     | 18251 ||| FLEEEEING.
 18266 | D:11     | 18266 ||| FLEEEEING.
 18269 | D:11     | 18269 ||| FLEEEEING.
 18274 | D:11     | 18274 ||| STAIRDANCE
 18396 | D:11     | 18396 ||| Stepping ~*~*~tactically~*~*~ (hiding).
 18524 | D:11     | 18524 ||| INVOKING Heroism.
 18527 | D:11     | Received a gift from Okawaru
 18607 | D:11     | Noticed Maurice
 18628 | D:11     | Killed Maurice
 18719 | D:11     | Reached skill level 12 in Shields
 18742 | D:11     | 18742 ||| Stepping randomly (disturbance).
 18790 | D:11     | 18790 ||| Stepping randomly (disturbance).
 18791 | D:11     | 18791 ||| Stepping randomly (disturbance).
 18856 | D:11     | 18856 ||| INVOKING Heroism.
 18857 | D:11     | 18857 ||| INVOKING Finesse.
 18877 | D:11     | 18877 ||| INVOKING Heroism.
 19017 | D:11     | 19017 ||| Stepping ~*~*~tactically~*~*~ (stealth).
 19020 | D:11     | 19020 ||| Stepping ~*~*~tactically~*~*~ (stealth).
 19282 | D:11     | 19282 ||| PLANNING D
 19282 | D:11     | 19282 ||| UPGRADING to +2 cloak of willpower.
 19292 | D:11     | 19292 ||| DROPPING +2 cloak of preservation.
 19293 | D:11     | 19293 ||| DROPPING +6 ring of intelligence.
 19341 | D:12     | 19341 ||| STAIRDANCE
 19774 | D:12     | 19774 ||| INVOKING Heroism.
 19820 | D:12     | Found a staircase to the Orcish Mines.
 19827 | D:12     | 19827 ||| INVOKING Heroism.
 20087 | D:12     | 20087 ||| Stepping ~*~*~tactically~*~*~ (stealth).
 20089 | D:12     | 20089 ||| Stepping ~*~*~tactically~*~*~ (stealth).
 20090 | D:12     | 20090 ||| Stepping ~*~*~tactically~*~*~ (stealth).
 20196 | D:12     | 20196 ||| INVOKING Heroism.
 20197 | D:12     | 20197 ||| INVOKING Finesse.
 20429 | D:12     | 20429 ||| READING scroll labelled SALOIB EMUPH.
 20430 | D:12     | 20430 ||| READING 7 scrolls of identify.
 20430 | D:12     | 20430 ||| IDENTIFYING inky potion
 20431 | D:12     | 20431 ||| DROPPING potion of ambrosia.
 20477 | D:13     | 20477 ||| Stepping ~*~*~tactically~*~*~ (hiding).
 20506 | D:13     | Received a gift from Okawaru
 20614 | D:13     | 20614 ||| Stepping ~*~*~tactically~*~*~ (stealth).
 20620 | D:13     | 20620 ||| INVOKING Heroism.
 20677 | D:13     | 20677 ||| Stepping ~*~*~tactically~*~*~ (stealth).
 20680 | D:13     | 20680 ||| Stepping ~*~*~tactically~*~*~ (stealth).
 20687 | D:13     | 20687 ||| INVOKING Heroism.
 20692 | D:13     | 20692 ||| READING 5 scrolls of teleportation.
 20711 | D:13     | Identified the +7 rapier "Miuh" {vorpal, rC+ Str+2}
                  | (Okawaru gifted it to you on level 13 of the Dungeon)
 20711 | D:13     | Received a gift from Okawaru
 20736 | D:13     | Reached skill level 15 in Axes
 20807 | D:13     | 20807 ||| READING scroll of enchant armour.
 20807 | D:13     | 20807 ||| ENCHANTING +1 pair of gloves.
 21051 | D:13     | 21051 ||| READING 4 scrolls of teleportation.
 21052 | D:13     | 21052 ||| FLEEEEING.
 21053 | D:13     | 21053 ||| FLEEEEING.
 21102 | D:13     | 21102 ||| INVOKING Heroism.
 21112 | D:13     | 21112 ||| READING 3 scrolls of teleportation.
 21265 | D:13     | 21265 ||| Stepping ~*~*~tactically~*~*~ (stealth).
 21269 | D:13     | 21269 ||| Stepping ~*~*~tactically~*~*~ (stealth).
 21284 | D:13     | 21284 ||| INVOKING Heroism.
 21390 | D:13     | 21390 ||| INVOKING Heroism.
 21810 | D:14     | 21810 ||| Stepping ~*~*~tactically~*~*~ (stealth).
 21924 | D:14     | 21924 ||| INVOKING Heroism.
 22090 | D:14     | Reached XP level 15. HP: 76/96 MP: 22/22
 22256 | D:14     | Found a gate to the Vaults.
 22261 | D:14     | 22261 ||| READING scroll of brand weapon.
 22261 | D:14     | 22261 ||| BRANDING +1 broad axe.
 22300 | D:14     | 22300 ||| Stepping ~*~*~tactically~*~*~ (stealth).
 22302 | D:14     | 22302 ||| INVOKING Heroism.
 22314 | D:14     | Reached skill level 12 in Fighting
 22659 | D:15     | Entered Level 15 of the Dungeon
 22666 | D:15     | Identified the +6 scale mail of Vomaur {Dex+4}
 22677 | D:15     | 22677 ||| INVOKING Heroism.
 22678 | D:15     | Received a gift from Okawaru
 22679 | D:15     | Found Myefuf's Distillery.
 22696 | D:15     | 22696 ||| Stepping ~*~*~tactically~*~*~ (stealth).
 22703 | D:15     | 22703 ||| Stepping ~*~*~tactically~*~*~ (stealth).
 22704 | D:15     | 22704 ||| Stepping ~*~*~tactically~*~*~ (stealth).
 22705 | D:15     | 22705 ||| BUYING potion of attraction (51 gold).
 22705 | D:15     | Bought a potion of attraction for 51 gold pieces
 22705 | D:15     | 22705 ||| BUYING potion of attraction (51 gold).
 22705 | D:15     | Bought a potion of attraction for 51 gold pieces
 22705 | D:15     | 22705 ||| BUYING potion of curing (51 gold).
 22705 | D:15     | Bought a potion of curing for 51 gold pieces
 22705 | D:15     | 22705 ||| BUYING potion of curing (51 gold).
 22705 | D:15     | Bought a potion of curing for 51 gold pieces
 22705 | D:15     | 22705 ||| BUYING potion of curing (51 gold).
 22705 | D:15     | Bought a potion of curing for 51 gold pieces
 22705 | D:15     | 22705 ||| BUYING potion of haste (170 gold).
 22705 | D:15     | Bought a potion of haste for 170 gold pieces
 22705 | D:15     | 22705 ||| BUYING potion of magic (136 gold).
 22705 | D:15     | Bought a potion of magic for 136 gold pieces
 22705 | D:15     | 22705 ||| BUYING potion of magic (136 gold).
 22705 | D:15     | Bought a potion of magic for 136 gold pieces
 22796 | D:15     | 22796 ||| READING scroll of enchant armour.
 22796 | D:15     | 22796 ||| ENCHANTING +0 pair of boots.
 22802 | D:15     | 22802 ||| Stepping ~*~*~tactically~*~*~ (hiding).
 23156 | D:15     | Found a staircase to the Depths.
 23157 | D:15     | 23157 ||| INVOKING Heroism.
 23338 | D:15     | 23338 ||| Stepping ~*~*~tactically~*~*~ (hiding).
 23368 | D:15     | 23368 ||| INVOKING Heroism.
 23499 | D:15     | 23499 ||| INVOKING Heroism.
 23515 | D:15     | Reached ****** piety under Okawaru
 23523 | D:15     | 23523 ||| FLEEEEING.
 23527 | D:15     | 23527 ||| FLEEEEING.
 23546 | D:15     | 23546 ||| FLEEEEING.
 23608 | D:15     | Received a gift from Okawaru
 23611 | D:15     | 23611 ||| Stepping ~*~*~tactically~*~*~ (stealth).
 23613 | D:15     | 23613 ||| Stepping ~*~*~tactically~*~*~ (stealth).
 23638 | D:15     | 23638 ||| Stepping ~*~*~tactically~*~*~ (hiding).
 23644 | D:15     | 23644 ||| INVOKING Heroism.
 23668 | D:15     | 23668 ||| FLEEEEING.
 23669 | D:15     | 23669 ||| FLEEEEING.
 23670 | D:15     | 23670 ||| FLEEEEING.
 23671 | D:15     | 23671 ||| FLEEEEING.
 23672 | D:15     | 23672 ||| FLEEEEING.
 23673 | D:15     | 23673 ||| FLEEEEING.
 23674 | D:15     | 23674 ||| FLEEEEING.
 23675 | D:15     | 23675 ||| FLEEEEING.
 23676 | D:15     | 23676 ||| FLEEEEING.
 23677 | D:15     | 23677 ||| FLEEEEING.
 23678 | D:15     | 23678 ||| FLEEEEING.
 23679 | D:15     | 23679 ||| FLEEEEING.
 23680 | D:15     | 23680 ||| FLEEEEING.
 23681 | D:15     | 23681 ||| FLEEEEING.
 23682 | D:15     | 23682 ||| FLEEEEING.
 23683 | D:15     | 23683 ||| FLEEEEING.
 23684 | D:15     | 23684 ||| FLEEEEING.
 23685 | D:15     | 23685 ||| FLEEEEING.
 23686 | D:15     | 23686 ||| FLEEEEING.
 23687 | D:15     | 23687 ||| FLEEEEING.
 23688 | D:15     | 23688 ||| FLEEEEING.
 23689 | D:15     | 23689 ||| FLEEEEING.
 23690 | D:15     | 23690 ||| FLEEEEING.
 23691 | D:15     | 23691 ||| FLEEEEING.
 23692 | D:15     | 23692 ||| FLEEEEING.
 23693 | D:15     | 23693 ||| FLEEEEING.
 23694 | D:15     | 23694 ||| FLEEEEING.
 23695 | D:15     | 23695 ||| FLEEEEING.
 23696 | D:15     | 23696 ||| FLEEEEING.
 23697 | D:15     | 23697 ||| FLEEEEING.
 23698 | D:15     | 23698 ||| FLEEEEING.
 23699 | D:15     | 23699 ||| FLEEEEING.
 23700 | D:15     | 23700 ||| FLEEEEING.
 23701 | D:15     | 23701 ||| FLEEEEING.
 23702 | D:15     | 23702 ||| FLEEEEING.
 23703 | D:15     | 23703 ||| FLEEEEING.
 23704 | D:15     | 23704 ||| FLEEEEING.
 23705 | D:15     | 23705 ||| FLEEEEING.
 23706 | D:15     | 23706 ||| FLEEEEING.
 23707 | D:15     | 23707 ||| FLEEEEING.
 23708 | D:15     | 23708 ||| FLEEEEING.
 23709 | D:15     | 23709 ||| FLEEEEING.
 23710 | D:15     | 23710 ||| FLEEEEING.
 23711 | D:15     | 23711 ||| FLEEEEING.
 23712 | D:15     | 23712 ||| FLEEEEING.
 23713 | D:15     | 23713 ||| FLEEEEING.
 23714 | D:15     | 23714 ||| FLEEEEING.
 23715 | D:15     | 23715 ||| FLEEEEING.
 23716 | D:15     | 23716 ||| FLEEEEING.
 23717 | D:15     | 23717 ||| FLEEEEING.
 23718 | D:15     | 23718 ||| FLEEEEING.
 23719 | D:15     | 23719 ||| FLEEEEING.
 23720 | D:15     | 23720 ||| FLEEEEING.
 23721 | D:15     | 23721 ||| STAIRDANCE
 24069 | D:15     | 24069 ||| Stepping ~*~*~tactically~*~*~ (hiding).
 24150 | D:15     | Identified the +0 ring mail of Servitude {rCorr}
 24211 | D:15     | 24211 ||| PLANNING ORC
 24333 | Orc:1    | Entered Level 1 of the Orcish Mines
 24334 | Orc:1    | 24334 ||| INVOKING Heroism.
 24398 | Orc:1    | Found a bloodstained altar of Trog.
 24592 | Orc:2    | Entered Level 2 of the Orcish Mines
 24593 | Orc:2    | 24593 ||| STAIRDANCE
 24628 | Orc:2    | 24628 ||| STAIRDANCE
 24637 | Orc:2    | 24637 ||| STAIRDANCE
 24681 | Orc:2    | 24681 ||| Stepping ~*~*~tactically~*~*~ (stealth).
 24682 | Orc:2    | 24682 ||| INVOKING Heroism.
 24725 | Orc:2    | 24725 ||| Stepping ~*~*~tactically~*~*~ (hiding).
 24727 | Orc:2    | 24727 ||| Stepping ~*~*~tactically~*~*~ (hiding).
 24730 | Orc:2    | 24730 ||| Stepping ~*~*~tactically~*~*~ (hiding).
 24734 | Orc:2    | 24734 ||| INVOKING Heroism.
 24773 | Orc:2    | Found a staircase to the Elven Halls.
 24802 | Orc:2    | 24802 ||| Stepping ~*~*~tactically~*~*~ (hiding).
 24804 | Orc:2    | 24804 ||| INVOKING Heroism.
 24822 | Orc:2    | Reached skill level 3 in Dodging
 24848 | Orc:2    | 24848 ||| Stepping ~*~*~tactically~*~*~ (stealth).
 24849 | Orc:2    | 24849 ||| Stepping ~*~*~tactically~*~*~ (stealth).
 24906 | Orc:2    | 24906 ||| Stepping ~*~*~tactically~*~*~ (stealth).
 24908 | Orc:2    | 24908 ||| Stepping ~*~*~tactically~*~*~ (hiding).
 24912 | Orc:2    | 24912 ||| INVOKING Heroism.
 24927 | Orc:2    | 24927 ||| Stepping ~*~*~tactically~*~*~ (stealth).
 24972 | Orc:2    | 24972 ||| INVOKING Heroism.
 24977 | Orc:2    | 24977 ||| Stepping ~*~*~tactically~*~*~ (hiding).
 24990 | Orc:2    | Reached skill level 13 in Shields
 25010 | Orc:2    | 25010 ||| Stepping ~*~*~tactically~*~*~ (stealth).
 25074 | Orc:2    | 25074 ||| INVOKING Heroism.
 25116 | Orc:2    | 25116 ||| Stepping ~*~*~tactically~*~*~ (stealth).
 25119 | Orc:2    | 25119 ||| Stepping ~*~*~tactically~*~*~ (hiding).
 25120 | Orc:2    | 25120 ||| Stepping ~*~*~tactically~*~*~ (hiding).
 25125 | Orc:2    | 25125 ||| Stepping ~*~*~tactically~*~*~ (stealth).
 25126 | Orc:2    | 25126 ||| Stepping ~*~*~tactically~*~*~ (stealth).
 25146 | Orc:2    | 25146 ||| INVOKING Heroism.
 25155 | Orc:2    | Found Doriala's Armour Emporium.
 25155 | Orc:2    | Found Zemufeyx's Weapon Boutique.
 25351 | Orc:2    | Found Coharaq's Weapon Emporium.
 25351 | Orc:2    | Found Xusijaa's Armour Boutique.
 25361 | Orc:2    | 25361 ||| BUYING +2 hat of see invisible (231 gold).
 25361 | Orc:2    | Bought a +2 hat of see invisible for 231 gold pieces
 25416 | Orc:2    | 25416 ||| Stepping ~*~*~tactically~*~*~ (stealth).
 25646 | Orc:2    | 25646 ||| UPGRADING to +2 hat of see invisible.
 25656 | Orc:2    | 25656 ||| DROPPING +2 hat.
 25709 | Orc:1    | 25709 ||| INVOKING Heroism.
 25858 | Orc:1    | 25858 ||| PLANNING SHOALS:1-3
 26078 | Shoals:1 | Entered Level 1 of the Shoals
 26110 | Shoals:1 | Reached skill level 12 in Armour
 26215 | Shoals:1 | 26215 ||| INVOKING Heroism.
 26311 | Shoals:1 | 26311 ||| Stepping ~*~*~tactically~*~*~ (hiding).
 26314 | Shoals:1 | 26314 ||| INVOKING Heroism.
 26368 | Shoals:1 | Received a gift from Okawaru
 26436 | Shoals:1 | 26436 ||| SWAPPING to +2 broad axe of flaming.
 26437 | Shoals:1 | 26437 ||| DROPPING +0 morningstar.
 26438 | Shoals:1 | 26438 ||| DROPPING +1 broad axe of freezing.
 26462 | Shoals:1 | 26462 ||| INVOKING Heroism.
 26811 | Shoals:1 | 26811 ||| INVOKING Heroism.
 26824 | Shoals:1 | Reached XP level 16. HP: 85/101 MP: 21/23
 26899 | Shoals:1 | 26899 ||| Stepping ~*~*~tactically~*~*~ (hiding).
 27216 | Shoals:2 | 27216 ||| INVOKING Heroism.
 27241 | Shoals:2 | 27241 ||| INVOKING Heroism.
 27742 | Shoals:2 | 27742 ||| Stepping ~*~*~tactically~*~*~ (hiding).
 27744 | Shoals:2 | 27744 ||| Stepping ~*~*~tactically~*~*~ (hiding).
 27745 | Shoals:2 | 27745 ||| Stepping ~*~*~tactically~*~*~ (hiding).
 27746 | Shoals:2 | 27746 ||| Stepping ~*~*~tactically~*~*~ (hiding).
 28009 | Shoals:2 | 28009 ||| INVOKING Heroism.
 28023 | Shoals:2 | HP: 23/103 [satyr/arrow (28)]
 28024 | Shoals:2 | 28024 ||| READING 4 scrolls of teleportation.
 28025 | Shoals:2 | 28025 ||| DRINKING 3 potions of heal wounds.
 28031 | Shoals:2 | 28031 ||| Stepping ~*~*~tactically~*~*~ (hiding).
 28034 | Shoals:2 | 28034 ||| INVOKING Heroism.
 28333 | Shoals:2 | 28333 ||| Stepping ~*~*~tactically~*~*~ (hiding).
 28339 | Shoals:2 | 28339 ||| Stepping ~*~*~tactically~*~*~ (hiding).
 28343 | Shoals:2 | 28343 ||| INVOKING Heroism.
 28591 | Shoals:2 | 28591 ||| UPGRADING to amulet of regeneration.
 28644 | Shoals:3 | Noticed Polyphemus
 28645 | Shoals:3 | 28645 ||| STAIRDANCE
 28662 | Shoals:3 | 28662 ||| STAIRDANCE
 28683 | Shoals:3 | 28683 ||| INVOKING Heroism.
 28684 | Shoals:3 | 28684 ||| INVOKING Finesse.
 28686 | Shoals:3 | Identified the +6 executioner's axe "Meich" {antimagic,
                  | Will+ Int+4} (Okawaru gifted it to you on level 3 of the
                  | Shoals)
 28686 | Shoals:3 | Received a gift from Okawaru
 28705 | Shoals:3 | Killed Polyphemus
 28788 | Shoals:3 | 28788 ||| INVOKING Heroism.
 28896 | Shoals:3 | 28896 ||| Stepping ~*~*~tactically~*~*~ (hiding).
 28905 | Shoals:3 | 28905 ||| INVOKING Heroism.
 28972 | Shoals:3 | 28972 ||| INVOKING Heroism.
 29085 | Shoals:3 | 29085 ||| READING scroll of brand weapon.
 29085 | Shoals:3 | 29085 ||| BRANDING +2 broad axe of flaming.
 29092 | Shoals:3 | 29092 ||| Stepping ~*~*~tactically~*~*~ (hiding).
 29093 | Shoals:3 | 29093 ||| Stepping ~*~*~tactically~*~*~ (hiding).
 29420 | Shoals:3 | Noticed a kraken
 29421 | Shoals:3 | 29421 ||| INVOKING Heroism.
 29428 | Shoals:3 | Killed a kraken
 29497 | Shoals:3 | 29497 ||| INVOKING Heroism.
 29508 | Shoals:3 | Reached skill level 18 in Axes
 29775 | Shoals:3 | 29775 ||| PLANNING SNAKE:1-3
 29775 | Shoals:3 | 29775 ||| DROPPING scarf of shadows.
 29870 | Snake:1  | Entered Level 1 of the Snake Pit
 29946 | Snake:1  | 29946 ||| INVOKING Heroism.
 29968 | Snake:1  | Received a gift from Okawaru
 29990 | Snake:1  | Received a gift from Okawaru
 30117 | Snake:1  | 30117 ||| Stepping ~*~*~tactically~*~*~ (hiding).
 30118 | Snake:1  | 30118 ||| Stepping ~*~*~tactically~*~*~ (hiding).
 30128 | Snake:1  | 30128 ||| INVOKING Heroism.
 30134 | Snake:1  | Received a gift from Okawaru
 30183 | Snake:1  | 30183 ||| SWAPPING to +0 broad axe of freezing.
 30184 | Snake:1  | 30184 ||| DROPPING +2 vorpal broad axe.
 30207 | Snake:1  | 30207 ||| Stepping ~*~*~tactically~*~*~ (stealth).
 30214 | Snake:1  | 30214 ||| Stepping ~*~*~tactically~*~*~ (hiding).
 30222 | Snake:1  | 30222 ||| INVOKING Heroism.
 30258 | Snake:1  | 30258 ||| READING scroll of enchant weapon.
 30258 | Snake:1  | 30258 ||| ENCHANTING +0 broad axe of freezing.
 30434 | Snake:1  | You are sucked into a shaft and drop 1 floor!
 30438 | Snake:2  | 30438 ||| Stepping ~*~*~tactically~*~*~ (stealth).
 30440 | Snake:2  | 30440 ||| Stepping ~*~*~tactically~*~*~ (stealth).
 30462 | Snake:2  | Noticed Aizul
 30464 | Snake:2  | 30464 ||| Stepping ~*~*~tactically~*~*~ (hiding).
 30465 | Snake:2  | 30465 ||| INVOKING Heroism.
 30466 | Snake:2  | 30466 ||| INVOKING Finesse.
 30485 | Snake:2  | Killed Aizul
 30486 | Snake:2  | Reached XP level 17. HP: 107/109 MP: 17/24
 30542 | Snake:2  | 30542 ||| Stepping ~*~*~tactically~*~*~ (hiding).
 30544 | Snake:2  | 30544 ||| Stepping ~*~*~tactically~*~*~ (hiding).
 30735 | Snake:2  | 30735 ||| Stepping ~*~*~tactically~*~*~ (hiding).
 30736 | Snake:2  | 30736 ||| Stepping ~*~*~tactically~*~*~ (hiding).
 30738 | Snake:2  | 30738 ||| Stepping ~*~*~tactically~*~*~ (hiding).
 30741 | Snake:2  | 30741 ||| Stepping ~*~*~tactically~*~*~ (hiding).
 30744 | Snake:2  | 30744 ||| Stepping ~*~*~tactically~*~*~ (hiding).
 30861 | Snake:2  | 30861 ||| Stepping ~*~*~tactically~*~*~ (hiding).
 30875 | Snake:2  | 30875 ||| INVOKING Heroism.
 30966 | Snake:2  | 30966 ||| DROPPING ring of positive energy.
 30967 | Snake:2  | 30967 ||| DROPPING ring of willpower.
 30968 | Snake:2  | 30968 ||| READING 10 scrolls of identify.
 30968 | Snake:2  | 30968 ||| IDENTIFYING purple potion
 30969 | Snake:2  | 30969 ||| DROPPING potion of invisibility.
 31802 | Snake:2  | 31802 ||| Stepping ~*~*~tactically~*~*~ (hiding).
 31803 | Snake:2  | 31803 ||| Stepping ~*~*~tactically~*~*~ (hiding).
 31805 | Snake:2  | 31805 ||| Stepping ~*~*~tactically~*~*~ (hiding).
 31809 | Snake:2  | 31809 ||| INVOKING Heroism.
 31857 | Snake:2  | Identified Roxanne's Lessons on Grit
 31857 | Snake:2  | Noticed Roxanne
 31858 | Snake:2  | 31858 ||| INVOKING Heroism.
 31859 | Snake:2  | 31859 ||| INVOKING Finesse.
 31869 | Snake:2  | Found a runed translucent gate.
 31884 | Snake:2  | Received a gift from Okawaru
 31885 | Snake:2  | Reached skill level 14 in Shields
 31897 | Snake:2  | Killed Roxanne
 31904 | Snake:2  | 31904 ||| INVOKING Heroism.
 32042 | Snake:2  | Found a runed translucent gate.
 32042 | Snake:2  | Found a runed translucent gate.
 32045 | Snake:2  | Noticed Kicir's ghost (adept GnFi)
 32050 | Snake:2  | 32050 ||| Stepping ~*~*~tactically~*~*~ (hiding).
 32052 | Snake:2  | 32052 ||| Stepping ~*~*~tactically~*~*~ (hiding).
 32053 | Snake:2  | 32053 ||| Stepping ~*~*~tactically~*~*~ (hiding).
 32054 | Snake:2  | 32054 ||| Stepping ~*~*~tactically~*~*~ (hiding).
 32056 | Snake:2  | Identified the ring "Lapefroe" {*Corrode rElec EV+4 Int+2
                  | Stlth+}
 32205 | Snake:2  | 32205 ||| Stepping ~*~*~tactically~*~*~ (hiding).
 32210 | Snake:2  | Received a gift from Okawaru
 32252 | Snake:2  | Noticed Asterion
 32253 | Snake:2  | 32253 ||| INVOKING Heroism.
 32254 | Snake:2  | 32254 ||| INVOKING Finesse.
 32266 | Snake:2  | Killed Asterion
 32304 | Snake:2  | 32304 ||| SWAPPING to +3 broad axe of venom.
 32320 | Snake:2  | Found Zatsisenn's Book Boutique.
 32322 | Snake:2  | Found Joholiug's Assorted Antiques.
 32326 | Snake:2  | Found Anoicsif's Book Boutique.
 32331 | Snake:2  | 32331 ||| BUYING potion of attraction (123 gold).
 32331 | Snake:2  | Bought a potion of attraction for 123 gold pieces
 32331 | Snake:2  | 32331 ||| Stepping ~*~*~tactically~*~*~ (hiding).
 32448 | Snake:2  | 32448 ||| READING scroll of enchant armour.
 32448 | Snake:2  | 32448 ||| ENCHANTING +1 pair of boots.
 32452 | Snake:2  | 32452 ||| Stepping ~*~*~tactically~*~*~ (hiding).
 32485 | Snake:2  | 32485 ||| INVOKING Heroism.
 32496 | Snake:2  | Received a gift from Okawaru
 32497 | Snake:2  | Reached skill level 6 in Throwing
 32548 | Snake:2  | 32548 ||| Stepping ~*~*~tactically~*~*~ (stealth).
 32839 | Snake:2  | Identified the ring "Xifeloal" {rElec rPois rF+ Str+6}
 33011 | Snake:2  | 33011 ||| UPGRADING to +2 kite shield of cold resistance.
 33021 | Snake:2  | 33021 ||| DROPPING +0 kite shield.
 33022 | Snake:2  | 33022 ||| UPGRADING to +6 ring of dexterity.
 33049 | Snake:3  | 33049 ||| INVOKING Heroism.
 33050 | Snake:3  | 33050 ||| STAIRDANCE
 33080 | Snake:3  | 33080 ||| Stepping ~*~*~tactically~*~*~ (hiding).
 33081 | Snake:3  | 33081 ||| Stepping ~*~*~tactically~*~*~ (hiding).
 33123 | Snake:3  | 33123 ||| Stepping ~*~*~tactically~*~*~ (hiding).
 33124 | Snake:3  | 33124 ||| Stepping ~*~*~tactically~*~*~ (stealth).
 33134 | Snake:3  | 33134 ||| INVOKING Heroism.
 33187 | Snake:3  | 33187 ||| Stepping ~*~*~tactically~*~*~ (hiding).
 33203 | Snake:3  | 33203 ||| Stepping ~*~*~tactically~*~*~ (hiding).
 33209 | Snake:3  | Found a shimmering blue altar of Sif Muna.
 33210 | Snake:3  | 33210 ||| INVOKING Heroism.
 33251 | Snake:3  | Found a transporter.
 33251 | Snake:3  | Found Dalamag's Gadget Gallery.
 33261 | Snake:3  | 33261 ||| BUYING wand of digging (3) (201 gold).
 33261 | Snake:3  | Bought a wand of digging (3) for 201 gold pieces
 33263 | Snake:3  | 33263 ||| Stepping ~*~*~tactically~*~*~ (hiding).
 33264 | Snake:3  | 33264 ||| Stepping ~*~*~tactically~*~*~ (hiding).
 33265 | Snake:3  | 33265 ||| Stepping ~*~*~tactically~*~*~ (hiding).
 33280 | Snake:3  | 33280 ||| Stepping ~*~*~tactically~*~*~ (stealth).
 33283 | Snake:3  | 33283 ||| Stepping ~*~*~tactically~*~*~ (hiding).
 33286 | Snake:3  | 33286 ||| Stepping ~*~*~tactically~*~*~ (hiding).
 33287 | Snake:3  | 33287 ||| Stepping ~*~*~tactically~*~*~ (hiding).
 33356 | Snake:3  | 33356 ||| Stepping ~*~*~tactically~*~*~ (hiding).
 33536 | Snake:3  | Found an opulent altar of Gozag.
 33647 | Snake:3  | Noticed Mara
 33648 | Snake:3  | 33648 ||| INVOKING Heroism.
 33649 | Snake:3  | 33649 ||| INVOKING Finesse.
 33652 | Snake:3  | Noticed qw's illusion
 33677 | Snake:3  | Killed Mara
 33678 | Snake:3  | Reached skill level 15 in Fighting
 33875 | Snake:3  | 33875 ||| Stepping ~*~*~tactically~*~*~ (hiding).
 33982 | Snake:3  | 33982 ||| Stepping ~*~*~tactically~*~*~ (hiding).
 33984 | Snake:3  | 33984 ||| Stepping ~*~*~tactically~*~*~ (hiding).
 34000 | Snake:3  | 34000 ||| Stepping ~*~*~tactically~*~*~ (hiding).
 34021 | Snake:3  | 34021 ||| Stepping ~*~*~tactically~*~*~ (hiding).
 34625 | Snake:3  | 34625 ||| PLANNING SHOALS:4
 34625 | Snake:3  | 34625 ||| UPGRADING to +4 ring of protection.
 34627 | Snake:3  | 34627 ||| DROPPING +6 ring of dexterity.
 34784 | Shoals:4 | Entered Level 4 of the Shoals
 34801 | Shoals:4 | 34801 ||| INVOKING Heroism.
 34802 | Shoals:4 | 34802 ||| INVOKING Finesse.
 34857 | Shoals:4 | 34857 ||| Stepping ~*~*~tactically~*~*~ (hiding).
 34864 | Shoals:4 | 34864 ||| INVOKING Heroism.
 34885 | Shoals:4 | 34885 ||| Stepping ~*~*~tactically~*~*~ (hiding).
 34892 | Shoals:4 | 34892 ||| INVOKING Finesse.
 34894 | Shoals:4 | 34894 ||| Stepping ~*~*~tactically~*~*~ (hiding).
 34898 | Shoals:4 | Identified the +10 arbalest "Ysiukusk" {freeze, rElec rF+
                  | SInv}
 34899 | Shoals:4 | 34899 ||| INVOKING Heroism.
 34900 | Shoals:4 | 34900 ||| Stepping ~*~*~tactically~*~*~ (stealth).
 34979 | Shoals:4 | 34979 ||| INVOKING Heroism.
 35044 | Shoals:4 | 35044 ||| INVOKING Heroism.
 35050 | Shoals:4 | HP: 27/113 [merfolk/+0 trident of venom[a merfolk impaler]
                  | (10)]
 35051 | Shoals:4 | 35051 ||| READING 9 scrolls of teleportation.
 35052 | Shoals:4 | 35052 ||| DRINKING 2 potions of heal wounds.
 35056 | Shoals:4 | Reached XP level 18. HP: 34/119 MP: 25/25
 35100 | Shoals:4 | 35100 ||| INVOKING Heroism.
 35157 | Shoals:4 | 35157 ||| DROPPING +0 flail.
 35179 | Shoals:4 | 35179 ||| INVOKING Heroism.
 35210 | Shoals:4 | Identified the +2 animal skin of Vits {rPois Stlth+}
                  | (Okawaru gifted it to you on level 4 of the Shoals)
 35210 | Shoals:4 | Received a gift from Okawaru
 35222 | Shoals:4 | 35222 ||| Stepping ~*~*~tactically~*~*~ (hiding).
 35250 | Shoals:4 | 35250 ||| READING scroll of enchant weapon.
 35250 | Shoals:4 | 35250 ||| ENCHANTING +3 broad axe of venom.
 35251 | Shoals:4 | 35251 ||| DROPPING +1 broad axe of freezing.
 35260 | Shoals:4 | 35260 ||| Stepping ~*~*~tactically~*~*~ (stealth).
 35266 | Shoals:4 | 35266 ||| INVOKING Heroism.
 35356 | Shoals:4 | 35356 ||| Stepping ~*~*~tactically~*~*~ (stealth).
 35360 | Shoals:4 | 35360 ||| INVOKING Heroism.
 35365 | Shoals:4 | 35365 ||| Stepping ~*~*~tactically~*~*~ (stealth).
 35366 | Shoals:4 | 35366 ||| Stepping ~*~*~tactically~*~*~ (stealth).
 35415 | Shoals:4 | 35415 ||| INVOKING Heroism.
 35430 | Shoals:4 | Reached skill level 15 in Shields
 35572 | Shoals:4 | 35572 ||| INVOKING Heroism.
 35674 | Shoals:4 | 35674 ||| INVOKING Heroism.
 35734 | Shoals:4 | 35734 ||| FLEEEEING.
 35735 | Shoals:4 | 35735 ||| FLEEEEING.
 35736 | Shoals:4 | 35736 ||| FLEEEEING.
 35737 | Shoals:4 | 35737 ||| FLEEEEING.
 35756 | Shoals:4 | 35756 ||| Stepping ~*~*~tactically~*~*~ (hiding).
 35784 | Shoals:4 | 35784 ||| DROPPING +7 war axe of freezing.
 35802 | Shoals:4 | 35802 ||| FLEEEEING.
 35803 | Shoals:4 | 35803 ||| FLEEEEING.
 35804 | Shoals:4 | 35804 ||| FLEEEEING.
 35805 | Shoals:4 | 35805 ||| FLEEEEING.
 35822 | Shoals:4 | 35822 ||| INVOKING Heroism.
 35932 | Shoals:4 | Got a barnacled rune of Zot
 35983 | Shoals:4 | 35983 ||| Stepping ~*~*~tactically~*~*~ (hiding).
 35985 | Shoals:4 | 35985 ||| Stepping ~*~*~tactically~*~*~ (hiding).
 36107 | Shoals:4 | 36107 ||| Stepping ~*~*~tactically~*~*~ (hiding).
 36108 | Shoals:4 | 36108 ||| Stepping ~*~*~tactically~*~*~ (hiding).
 36113 | Shoals:4 | 36113 ||| INVOKING Heroism.
 36181 | Shoals:4 | 36181 ||| PLANNING VAULTS:1-4
 36467 | Vaults:1 | Entered Level 1 of the Vaults
 36473 | Vaults:1 | 36473 ||| INVOKING Heroism.
 36569 | Vaults:1 | Found a huge runed gate.
 36569 | Vaults:1 | Found a huge runed gate.
 36569 | Vaults:1 | Found a huge runed gate.
 36569 | Vaults:1 | Found a huge runed gate.
 36569 | Vaults:1 | Found a huge runed gate.
 36569 | Vaults:1 | Found a huge runed gate.
 36569 | Vaults:1 | Found a huge runed gate.
 36570 | Vaults:1 | Found a huge runed gate.
 36570 | Vaults:1 | Found a huge runed gate.
 36570 | Vaults:1 | Found a huge runed gate.
 36573 | Vaults:1 | 36573 ||| INVOKING Heroism.
 36599 | Vaults:1 | Reached skill level 15 in Armour
 36600 | Vaults:1 | 36600 ||| INVOKING Heroism.
 36648 | Vaults:1 | Found a huge runed gate.
 36648 | Vaults:1 | Found a huge runed gate.
 36648 | Vaults:1 | Found a huge runed gate.
 36648 | Vaults:1 | Found a huge runed gate.
 36648 | Vaults:1 | Found a huge runed gate.
 36648 | Vaults:1 | Found a huge runed gate.
 36649 | Vaults:1 | Found a huge runed gate.
 36650 | Vaults:1 | Found a huge runed gate.
 36651 | Vaults:1 | Found a huge runed gate.
 36659 | Vaults:1 | Found a huge runed gate.
 36659 | Vaults:1 | Found a huge runed gate.
 36659 | Vaults:1 | Found a huge runed gate.
 36659 | Vaults:1 | Found a huge runed gate.
 36659 | Vaults:1 | Found a huge runed gate.
 36659 | Vaults:1 | Found a huge runed gate.
 36660 | Vaults:1 | Found a huge runed gate.
 36661 | Vaults:1 | Found a huge runed gate.
 36663 | Vaults:1 | Found a huge runed gate.
 36668 | Vaults:1 | 36668 ||| INVOKING Heroism.
 36669 | Vaults:1 | 36669 ||| INVOKING Finesse.
 36736 | Vaults:1 | Found a huge runed gate.
 36736 | Vaults:1 | Found a huge runed gate.
 36736 | Vaults:1 | Found a huge runed gate.
 36736 | Vaults:1 | Found a huge runed gate.
 36736 | Vaults:1 | Found a huge runed gate.
 36736 | Vaults:1 | Found a huge runed gate.
 36737 | Vaults:1 | Found a huge runed gate.
 36738 | Vaults:1 | Found a huge runed gate.
 36743 | Vaults:1 | 36743 ||| INVOKING Heroism.
 36744 | Vaults:1 | 36744 ||| INVOKING Finesse.
 36759 | Vaults:1 | Received a gift from Okawaru
 36922 | Vaults:1 | 36922 ||| INVOKING Heroism.
 37148 | Vaults:1 | 37148 ||| INVOKING Heroism.
 37161 | Vaults:1 | Received a gift from Okawaru
 37266 | Vaults:1 | 37266 ||| INVOKING Heroism.
 37298 | Vaults:1 | Identified the +1 pair of boots "Ittien" {rPois} (Okawaru
                  | gifted it to you on level 1 of the Vaults)
 37298 | Vaults:1 | Received a gift from Okawaru
 37302 | Vaults:1 | 37302 ||| Stepping ~*~*~tactically~*~*~ (stealth).
 37350 | Vaults:1 | 37350 ||| INVOKING Heroism.
 37371 | Vaults:1 | 37371 ||| READING scroll of enchant weapon.
 37371 | Vaults:1 | 37371 ||| ENCHANTING +4 broad axe of venom.
 37379 | Vaults:1 | Reached XP level 19. HP: 128/128 MP: 26/26
 37404 | Vaults:1 | 37404 ||| Stepping ~*~*~tactically~*~*~ (hiding).
 37462 | Vaults:1 | 37462 ||| Stepping ~*~*~tactically~*~*~ (hiding).
 37464 | Vaults:1 | 37464 ||| Stepping ~*~*~tactically~*~*~ (hiding).
 37479 | Vaults:1 | 37479 ||| Stepping ~*~*~tactically~*~*~ (stealth).
 37482 | Vaults:1 | 37482 ||| Stepping ~*~*~tactically~*~*~ (hiding).
 37540 | Vaults:1 | 37540 ||| Stepping ~*~*~tactically~*~*~ (stealth).
 37548 | Vaults:1 | 37548 ||| Stepping ~*~*~tactically~*~*~ (stealth).
 37561 | Vaults:1 | 37561 ||| INVOKING Heroism.
 37642 | Vaults:1 | 37642 ||| INVOKING Heroism.
 37789 | Vaults:1 | 37789 ||| Stepping ~*~*~tactically~*~*~ (stealth).
 37791 | Vaults:1 | 37791 ||| Stepping ~*~*~tactically~*~*~ (hiding).
 38044 | Vaults:1 | 38044 ||| INVOKING Heroism.
 38045 | Vaults:1 | 38045 ||| INVOKING Finesse.
 38144 | Vaults:1 | 38144 ||| UPGRADING to +0 tower shield.
 38154 | Vaults:1 | 38154 ||| DROPPING +2 kite shield of cold resistance.
 38155 | Vaults:1 | 38155 ||| DROPPING +1 pair of boots "Ittien" {rPois}.
 38156 | Vaults:1 | 38156 ||| DROPPING ring of see invisible.
 38180 | Vaults:2 | 38180 ||| PLANNING WIZLAB
 38242 | Vaults:2 | 38242 ||| INVOKING Heroism.
 38329 | Vaults:2 | 38329 ||| Stepping ~*~*~tactically~*~*~ (hiding).
 38332 | Vaults:2 | 38332 ||| Stepping ~*~*~tactically~*~*~ (hiding).
 38333 | Vaults:2 | 38333 ||| Stepping ~*~*~tactically~*~*~ (hiding).
 38334 | Vaults:2 | 38334 ||| INVOKING Heroism.
 38342 | Vaults:2 | Reached skill level 16 in Shields
 38353 | Vaults:2 | HP: 24/128 [vault warden/+0 halberd of freezing (33)]
 38354 | Vaults:2 | 38354 ||| READING 8 scrolls of teleportation.
 38355 | Vaults:2 | 38355 ||| DRINKING 2 potions of heal wounds.
 38358 | Vaults:2 | HP: 28/128 [vault warden/+0 halberd of freezing (11)]
 38359 | Vaults:2 | 38359 ||| DRINKING potion of heal wounds.
 38400 | Vaults:2 | 38400 ||| FLEEEEING.
 38401 | Vaults:2 | 38401 ||| FLEEEEING.
 38402 | Vaults:2 | 38402 ||| FLEEEEING.
 38403 | Vaults:2 | 38403 ||| FLEEEEING.
 38404 | Vaults:2 | 38404 ||| FLEEEEING.
 38405 | Vaults:2 | 38405 ||| FLEEEEING.
 38406 | Vaults:2 | 38406 ||| FLEEEEING.
 38407 | Vaults:2 | 38407 ||| FLEEEEING.
 38408 | Vaults:2 | 38408 ||| FLEEEEING.
 38409 | Vaults:2 | 38409 ||| FLEEEEING.
 38410 | Vaults:2 | 38410 ||| FLEEEEING.
 38411 | Vaults:2 | 38411 ||| FLEEEEING.
 38415 | Vaults:2 | 38415 ||| INVOKING Heroism.
 38440 | Vaults:2 | 38440 ||| Stepping ~*~*~tactically~*~*~ (stealth).
 38441 | Vaults:2 | 38441 ||| Stepping ~*~*~tactically~*~*~ (stealth).
 38442 | Vaults:2 | 38442 ||| Stepping ~*~*~tactically~*~*~ (stealth).
 38626 | Vaults:2 | 38626 ||| INVOKING Heroism.
 38627 | Vaults:2 | 38627 ||| INVOKING Finesse.
 38675 | Vaults:2 | Found Vufryh's Jewellery Shoppe.
 38676 | Vaults:2 | 38676 ||| Stepping ~*~*~tactically~*~*~ (stealth).
 38678 | Vaults:2 | 38678 ||| Stepping ~*~*~tactically~*~*~ (stealth).
 38733 | Vaults:2 | 38733 ||| BUYING amulet of Life {RegenMP rF+ Will+} (843
                  | gold).
 38733 | Vaults:2 | Bought the amulet of Life {RegenMP rF+ Will+} for 843 gold
                  | pieces
 38733 | Vaults:2 | 38733 ||| BUYING ring of resist corrosion (340 gold).
 38733 | Vaults:2 | Bought a ring of resist corrosion for 340 gold pieces
 38766 | Vaults:2 | 38766 ||| Stepping ~*~*~tactically~*~*~ (stealth).
 38770 | Vaults:2 | 38770 ||| INVOKING Heroism.
 38785 | Vaults:2 | Reached skill level 17 in Shields
 38791 | Vaults:2 | 38791 ||| INVOKING Finesse.
 38812 | Vaults:2 | 38812 ||| Stepping ~*~*~tactically~*~*~ (hiding).
 38813 | Vaults:2 | 38813 ||| FLEEEEING.
 38814 | Vaults:2 | 38814 ||| FLEEEEING.
 38831 | Vaults:2 | 38831 ||| INVOKING Heroism.
 39000 | Vaults:2 | 39000 ||| Stepping ~*~*~tactically~*~*~ (hiding).
 39030 | Vaults:2 | 39030 ||| Stepping ~*~*~tactically~*~*~ (stealth).
 39030 | Vaults:2 | 39030 ||| RIP WIZLAB
 39031 | Vaults:2 | 39031 ||| PLANNING VAULTS:1-4
 39202 | Vaults:2 | 39202 ||| DROPPING +0 broad axe of flaming.
 39470 | Vaults:2 | Identified the +0 pair of boots "Mukk" {rF+ Will- Dex+5
                  | Stlth+} (Okawaru gifted it to you on level 2 of the Vaults)
 39470 | Vaults:2 | Received a gift from Okawaru
 39494 | Vaults:2 | 39494 ||| Stepping ~*~*~tactically~*~*~ (hiding).
 39598 | Vaults:2 | 39598 ||| Stepping ~*~*~tactically~*~*~ (hiding).
 39603 | Vaults:2 | 39603 ||| INVOKING Heroism.
 39626 | Vaults:2 | 39626 ||| DROPPING scarf of resistance.
 39627 | Vaults:2 | 39627 ||| UPGRADING to amulet of Life {RegenMP rF+ Will+}.
 39678 | Vaults:3 | 39678 ||| INVOKING Heroism.
 39679 | Vaults:3 | 39679 ||| INVOKING Finesse.
 39825 | Vaults:3 | 39825 ||| Stepping ~*~*~tactically~*~*~ (hiding).
 39829 | Vaults:3 | 39829 ||| INVOKING Heroism.
 39831 | Vaults:3 | 39831 ||| INVOKING Finesse.
 39837 | Vaults:3 | Reached skill level 18 in Shields
 39873 | Vaults:3 | 39873 ||| Stepping ~*~*~tactically~*~*~ (stealth).
 39889 | Vaults:3 | 39889 ||| INVOKING Heroism.
 39896 | Vaults:3 | 39896 ||| Stepping ~*~*~tactically~*~*~ (hiding).
 39900 | Vaults:3 | 39900 ||| Stepping ~*~*~tactically~*~*~ (hiding).
 39960 | Vaults:3 | 39960 ||| INVOKING Heroism.
 39968 | Vaults:3 | Reached skill level 19 in Shields
 40094 | Vaults:3 | 40094 ||| SWAPPING to +2 broad axe of electrocution.
 40095 | Vaults:3 | 40095 ||| DROPPING +5 broad axe of venom.
 40147 | Vaults:3 | 40147 ||| READING scroll of brand weapon.
 40147 | Vaults:3 | 40147 ||| BRANDING +2 broad axe of electrocution.
 40224 | Vaults:3 | 40224 ||| INVOKING Heroism.
 40225 | Vaults:3 | 40225 ||| INVOKING Finesse.
 40244 | Vaults:3 | Reached XP level 20. HP: 134/134 MP: 24/27
 40286 | Vaults:3 | 40286 ||| Stepping ~*~*~tactically~*~*~ (stealth).
 40288 | Vaults:3 | 40288 ||| Stepping ~*~*~tactically~*~*~ (hiding).
 40327 | Vaults:3 | Noticed Nikola
 40337 | Vaults:3 | 40337 ||| FLEEEEING.
 40338 | Vaults:3 | 40338 ||| FLEEEEING.
 40339 | Vaults:3 | 40339 ||| FLEEEEING.
 40340 | Vaults:3 | 40340 ||| FLEEEEING.
 40351 | Vaults:3 | Killed Nikola
 40490 | Vaults:3 | Identified the +4 pair of gloves "Piykumav" {Int+4}
                  | (Okawaru gifted it to you on level 3 of the Vaults)
 40490 | Vaults:3 | Received a gift from Okawaru
 40505 | Vaults:3 | 40505 ||| INVOKING Heroism.
 40699 | Vaults:3 | 40699 ||| READING scroll of brand weapon.
 40699 | Vaults:3 | 40699 ||| BRANDING +2 broad axe of flaming.
 40711 | Vaults:3 | Found a staircase to the Crypt.
 40711 | Vaults:3 | Found a basalt altar of Yredelemnul.
 40711 | Vaults:3 | Found an ancient bone altar of Kikubaaqudgha.
 40759 | Vaults:3 | 40759 ||| INVOKING Heroism.
 40858 | Vaults:3 | 40858 ||| Stepping ~*~*~tactically~*~*~ (hiding).
 40974 | Vaults:3 | 40974 ||| Stepping ~*~*~tactically~*~*~ (stealth).
 40975 | Vaults:3 | 40975 ||| Stepping ~*~*~tactically~*~*~ (stealth).
 41008 | Vaults:3 | 41008 ||| INVOKING Heroism.
 41217 | Vaults:3 | Reached skill level 18 in Fighting
 41351 | Vaults:3 | 41351 ||| UPGRADING to +4 pair of gloves "Piykumav"
                  | {Int+4}.
 41361 | Vaults:3 | 41361 ||| DROPPING +2 pair of gloves.
 41425 | Vaults:4 | 41425 ||| INVOKING Heroism.
 41446 | Vaults:4 | 41446 ||| Stepping ~*~*~tactically~*~*~ (hiding).
 41706 | Vaults:4 | 41706 ||| READING scroll of brand weapon.
 41706 | Vaults:4 | 41706 ||| BRANDING +2 vorpal broad axe.
 41727 | Vaults:4 | 41727 ||| Stepping ~*~*~tactically~*~*~ (stealth).
 41729 | Vaults:4 | 41729 ||| Stepping ~*~*~tactically~*~*~ (hiding).
 41762 | Vaults:4 | 41762 ||| Stepping ~*~*~tactically~*~*~ (hiding).
 41783 | Vaults:4 | 41783 ||| INVOKING Heroism.
 42113 | Vaults:4 | 42113 ||| Stepping ~*~*~tactically~*~*~ (hiding).
 42119 | Vaults:4 | 42119 ||| INVOKING Heroism.
 42208 | Vaults:4 | Found Hayqief's Assorted Antiques.
 42216 | Vaults:4 | 42216 ||| BUYING pair of ichor-stained gloves (304 gold).
 42216 | Vaults:4 | Bought a pair of ichor-stained gloves for 304 gold pieces
 42216 | Vaults:4 | Identified the +0 pair of gloves of Dishonesty {rF+ Will+
                  | Int+3 Dex-2} (You bought it in a shop on level 4 of the
                  | Vaults)
 42216 | Vaults:4 | 42216 ||| BUYING potion of mutation (256 gold).
 42216 | Vaults:4 | Bought a potion of mutation for 256 gold pieces
 42229 | Vaults:4 | 42229 ||| INVOKING Heroism.
 42419 | Vaults:4 | 42419 ||| INVOKING Finesse.
 42424 | Vaults:4 | 42424 ||| INVOKING Heroism.
 42444 | Vaults:4 | 42444 ||| Stepping ~*~*~tactically~*~*~ (hiding).
 42444 | Vaults:4 | Noticed Xtahua
 42445 | Vaults:4 | 42445 ||| Stepping ~*~*~tactically~*~*~ (hiding).
 42454 | Vaults:4 | Killed Xtahua
 42459 | Vaults:4 | Reached skill level 20 in Shields
 42627 | Vaults:4 | 42627 ||| READING scroll of enchant weapon.
 42627 | Vaults:4 | 42627 ||| ENCHANTING +2 spectral broad axe.
 42655 | Vaults:4 | 42655 ||| Stepping ~*~*~tactically~*~*~ (stealth).
 42657 | Vaults:4 | 42657 ||| Stepping ~*~*~tactically~*~*~ (stealth).
 42672 | Vaults:4 | 42672 ||| INVOKING Heroism.
 42889 | Vaults:4 | 42889 ||| INVOKING Heroism.
 42890 | Vaults:4 | 42890 ||| INVOKING Finesse.
 42894 | Vaults:4 | 42894 ||| Stepping ~*~*~tactically~*~*~ (hiding).
 42924 | Vaults:4 | 42924 ||| Stepping ~*~*~tactically~*~*~ (hiding).
 42926 | Vaults:4 | 42926 ||| Stepping ~*~*~tactically~*~*~ (hiding).
 42943 | Vaults:4 | Received a gift from Okawaru
 42943 | Vaults:4 | Found the +3 pair of seven-league boots {Rampage+∞}
 43187 | Vaults:4 | 43187 ||| FLEEEEING.
 43188 | Vaults:4 | 43188 ||| FLEEEEING.
 43189 | Vaults:4 | 43189 ||| FLEEEEING.
 43192 | Vaults:4 | 43192 ||| FLEEEEING.
 43193 | Vaults:4 | 43193 ||| FLEEEEING.
 43194 | Vaults:4 | 43194 ||| FLEEEEING.
 43195 | Vaults:4 | 43195 ||| FLEEEEING.
 43196 | Vaults:4 | 43196 ||| FLEEEEING.
 43197 | Vaults:4 | 43197 ||| FLEEEEING.
 43198 | Vaults:4 | 43198 ||| FLEEEEING.
 43199 | Vaults:4 | 43199 ||| FLEEEEING.
 43200 | Vaults:4 | 43200 ||| FLEEEEING.
 43201 | Vaults:4 | 43201 ||| FLEEEEING.
 43204 | Vaults:4 | 43204 ||| FLEEEEING.
 43205 | Vaults:4 | 43205 ||| FLEEEEING.
 43206 | Vaults:4 | 43206 ||| FLEEEEING.
 43207 | Vaults:4 | 43207 ||| FLEEEEING.
 43208 | Vaults:4 | 43208 ||| FLEEEEING.
 43209 | Vaults:4 | 43209 ||| FLEEEEING.
 43210 | Vaults:4 | 43210 ||| FLEEEEING.
 43211 | Vaults:4 | 43211 ||| FLEEEEING.
 43212 | Vaults:4 | 43212 ||| FLEEEEING.
 43214 | Vaults:4 | 43214 ||| FLEEEEING.
 43215 | Vaults:4 | 43215 ||| FLEEEEING.
 43216 | Vaults:4 | 43216 ||| FLEEEEING.
 43217 | Vaults:4 | 43217 ||| FLEEEEING.
 43218 | Vaults:4 | 43218 ||| FLEEEEING.
 43219 | Vaults:4 | 43219 ||| FLEEEEING.
 43220 | Vaults:4 | 43220 ||| FLEEEEING.
 43221 | Vaults:4 | 43221 ||| FLEEEEING.
 43225 | Vaults:4 | 43225 ||| FLEEEEING.
 43226 | Vaults:4 | 43226 ||| FLEEEEING.
 43227 | Vaults:4 | 43227 ||| FLEEEEING.
 43228 | Vaults:4 | 43228 ||| FLEEEEING.
 43229 | Vaults:4 | 43229 ||| FLEEEEING.
 43230 | Vaults:4 | 43230 ||| FLEEEEING.
 43231 | Vaults:4 | 43231 ||| FLEEEEING.
 43232 | Vaults:4 | 43232 ||| FLEEEEING.
 43233 | Vaults:4 | 43233 ||| FLEEEEING.
 43236 | Vaults:4 | 43236 ||| FLEEEEING.
 43237 | Vaults:4 | 43237 ||| FLEEEEING.
 43239 | Vaults:4 | 43239 ||| FLEEEEING.
 43240 | Vaults:4 | 43240 ||| FLEEEEING.
 43241 | Vaults:4 | 43241 ||| FLEEEEING.
 43545 | Vaults:4 | 43545 ||| INVOKING Heroism.
 43584 | Vaults:4 | 43584 ||| Stepping ~*~*~tactically~*~*~ (hiding).
 43586 | Vaults:4 | 43586 ||| Stepping ~*~*~tactically~*~*~ (stealth).
 43591 | Vaults:4 | Reached skill level 18 in Armour
 43591 | Vaults:4 | 43591 ||| INVOKING Heroism.
 43865 | Vaults:4 | 43865 ||| PLANNING SNAKE:4
 43865 | Vaults:4 | 43865 ||| UPGRADING to +3 pair of seven-league boots
                  | {Rampage+∞}.
 43875 | Vaults:4 | 43875 ||| DROPPING +2 pair of boots.
 44340 | Snake:4  | Entered Level 4 of the Snake Pit
 44354 | Snake:4  | 44354 ||| INVOKING Heroism.
 44385 | Snake:4  | 44385 ||| Stepping ~*~*~tactically~*~*~ (stealth).
 44387 | Snake:4  | 44387 ||| Stepping ~*~*~tactically~*~*~ (hiding).
 44409 | Snake:4  | 44409 ||| INVOKING Heroism.
 44426 | Snake:4  | 44426 ||| Stepping ~*~*~tactically~*~*~ (hiding).
 44438 | Snake:4  | Reached XP level 21. HP: 111/142 MP: 28/28
 44438 | Snake:4  | 44438 ||| Stepping ~*~*~tactically~*~*~ (hiding).
 44446 | Snake:4  | 44446 ||| Stepping ~*~*~tactically~*~*~ (stealth).
 44453 | Snake:4  | 44453 ||| Stepping ~*~*~tactically~*~*~ (hiding).
 44459 | Snake:4  | 44459 ||| Stepping ~*~*~tactically~*~*~ (hiding).
 44491 | Snake:4  | 44491 ||| Stepping ~*~*~tactically~*~*~ (stealth).
 44534 | Snake:4  | 44534 ||| Stepping ~*~*~tactically~*~*~ (hiding).
 44573 | Snake:4  | 44573 ||| INVOKING Heroism.
 44681 | Snake:4  | 44681 ||| Stepping ~*~*~tactically~*~*~ (stealth).
 44682 | Snake:4  | 44682 ||| Stepping ~*~*~tactically~*~*~ (stealth).
 44685 | Snake:4  | 44685 ||| Stepping ~*~*~tactically~*~*~ (stealth).
 44704 | Snake:4  | 44704 ||| Stepping ~*~*~tactically~*~*~ (hiding).
 44721 | Snake:4  | 44721 ||| Stepping ~*~*~tactically~*~*~ (stealth).
 44726 | Snake:4  | 44726 ||| INVOKING Heroism.
 44740 | Snake:4  | 44740 ||| Stepping ~*~*~tactically~*~*~ (stealth).
 44800 | Snake:4  | 44800 ||| Stepping ~*~*~tactically~*~*~ (hiding).
 44808 | Snake:4  | 44808 ||| Stepping ~*~*~tactically~*~*~ (hiding).
 44811 | Snake:4  | 44811 ||| Stepping ~*~*~tactically~*~*~ (hiding).
 44974 | Snake:4  | 44974 ||| Stepping ~*~*~tactically~*~*~ (hiding).
 44977 | Snake:4  | 44977 ||| INVOKING Heroism.
 45022 | Snake:4  | Found a large runed translucent door.
 45028 | Snake:4  | Found a large runed translucent door.
 45043 | Snake:4  | Noticed Zoimialu's ghost (adept OpHW)
 45152 | Snake:4  | 45152 ||| Stepping ~*~*~tactically~*~*~ (hiding).
 45190 | Snake:4  | 45190 ||| Stepping ~*~*~tactically~*~*~ (stealth).
 45231 | Snake:4  | 45231 ||| Stepping ~*~*~tactically~*~*~ (hiding).
 45252 | Snake:4  | 45252 ||| Stepping ~*~*~tactically~*~*~ (stealth).
 45265 | Snake:4  | 45265 ||| INVOKING Heroism.
 45294 | Snake:4  | 45294 ||| Stepping ~*~*~tactically~*~*~ (hiding).
 45297 | Snake:4  | 45297 ||| Stepping ~*~*~tactically~*~*~ (stealth).
 45319 | Snake:4  | 45319 ||| FLEEEEING.
 45405 | Snake:4  | 45405 ||| INVOKING Heroism.
 45468 | Snake:4  | Got a serpentine rune of Zot
 45528 | Snake:4  | 45528 ||| Stepping ~*~*~tactically~*~*~ (hiding).
 45529 | Snake:4  | 45529 ||| Stepping ~*~*~tactically~*~*~ (hiding).
 45538 | Snake:4  | Received a gift from Okawaru
 45807 | Snake:4  | 45807 ||| PLANNING DEPTHS
 45807 | Snake:4  | 45807 ||| UPGRADING to +0 tower shield of protection.
 45817 | Snake:4  | 45817 ||| DROPPING +0 tower shield.
 46171 | Depths:1 | Entered Level 1 of the Depths
 46174 | Depths:1 | 46174 ||| INVOKING Heroism.
 46382 | Depths:1 | 46382 ||| INVOKING Heroism.
 46383 | Depths:1 | Found Igoolam's General Store.
 46388 | Depths:1 | Received a gift from Okawaru
 46424 | Depths:1 | 46424 ||| BUYING 2 potions of magic (224 gold).
 46424 | Depths:1 | Bought 2 potions of magic for 224 gold pieces
 46435 | Depths:1 | 46435 ||| INVOKING Heroism.
 46436 | Depths:1 | Found a gateway to Hell.
 46625 | Depths:1 | 46625 ||| Stepping ~*~*~tactically~*~*~ (hiding).
 46669 | Depths:1 | 46669 ||| Stepping ~*~*~tactically~*~*~ (hiding).
 46670 | Depths:1 | 46670 ||| Stepping ~*~*~tactically~*~*~ (hiding).
 46673 | Depths:1 | Noticed the Enchantress
 46674 | Depths:1 | 46674 ||| INVOKING Heroism.
 46675 | Depths:1 | 46675 ||| INVOKING Finesse.
 46697 | Depths:1 | Killed the Enchantress
 46707 | Depths:1 | 46707 ||| INVOKING Heroism.
 46727 | Depths:1 | Identified the +0 cloak of Skepticism {Str+4} (Okawaru
                  | gifted it to you on level 1 of the Depths)
 46727 | Depths:1 | Received a gift from Okawaru
 46986 | Depths:1 | 46986 ||| INVOKING Finesse.
 46991 | Depths:1 | 46991 ||| INVOKING Heroism.
 47505 | Depths:2 | 47505 ||| INVOKING Heroism.
 47506 | Depths:2 | 47506 ||| INVOKING Finesse.
 47520 | Depths:2 | Reached skill level 21 in Shields
 47566 | Depths:2 | 47566 ||| INVOKING Finesse.
 47578 | Depths:2 | 47578 ||| Stepping ~*~*~tactically~*~*~ (cloud).
 47583 | Depths:2 | Reached skill level 6 in Dodging
 47584 | Depths:2 | 47584 ||| Stepping ~*~*~tactically~*~*~ (cloud).
 47784 | Depths:2 | Found a one-way gateway to a ziggurat.
 47807 | Depths:2 | 47807 ||| INVOKING Heroism.
 47812 | Depths:2 | Reached XP level 22. HP: 152/152 MP: 29/29
 47859 | Depths:2 | 47859 ||| Stepping ~*~*~tactically~*~*~ (hiding).
 47863 | Depths:2 | 47863 ||| INVOKING Heroism.
 47872 | Depths:2 | 47872 ||| INVOKING Finesse.
 47889 | Depths:2 | HP: 36/152 [ice dragon/blast of cold (33)]
 47890 | Depths:2 | 47890 ||| READING 11 scrolls of teleportation.
 47891 | Depths:2 | 47891 ||| DRINKING potion of heal wounds.
 47894 | Depths:2 | HP: 35/152 [ice dragon (4)]
 47926 | Depths:2 | 47926 ||| INVOKING Heroism.
 47951 | Depths:2 | HP: 6/152 [ice dragon/blast of cold (34)]
 47952 | Depths:2 | 47952 ||| READING 10 scrolls of teleportation.
 47954 | Depths:2 | Killed from afar by a rakshasa

Levels and vault maps discovered:
D:1:      dpeg_arrival_refuge, layout_basic, hex_tiny
D:2:      layout_loops_ring, serial_shops, shop, basic_altar,
          chequers_serial_rivers_small_3, kennysheep_generic_room_5
D:3:      layout_loops_ring, gup_sewer_entry_glass,
          shapermc_ecumenical_altar_mp_highgroup, minmay_misc_feat_four_crosses,
          minmay_statues_item, dreamdust_wishing_well, minmay_increasing_density
D:4:      layout_cave_pools, serial_shops, kennysheep_mini, shop, uniq_pikel,
          uniq_grinder, uniq_ijyb
D:5:      layout_gridville, serial_shops, shop, nicolae_stop_n_shop_1,
          nicolae_stop_n_shop_2, minmay_crystal_room
D:6:      corexii_shack_village, layout_loops_corners, minivault_24,
          lightli_orcish_oven
D:7:      layout_basic, mainiacjoe_overflow_brackets,
          minmay_temple_entry_statues_fountains
D:8:      layout_gridville, grunt_temple_overflow_open,
          minmay_fractal_squares_gapless_5
D:9:      layout_rooms, mainiacjoe_overflow_paths, david_lair_shrubbed,
          uniq_prince_ribbit1, uniq_joseph
D:10:     layout_layer_cave, nemelex_diamond_rough_becter
D:11:     layout_long_grid, dreamdust_gnoll_shepherd, uniq_maurice
D:12:     layout_irregular_city, zombieorc1_lemuel
D:13:     layout_roguey, kennysheep_donut
D:14:     layout_rooms, david_vaults_4, chequers_serial_rivers_small_b
D:15:     grunt_enter_depths_giant_problem, layout_basic, serial_shops, shop,
          special_room [special_room_orc]
Lair:1:   layout_gridlike, enter_volcano_1
Lair:2:   layout_chaotic_city, minmay_shoals_entry_centaurs,
          minmay_snake_entry_guardpost_medium, basic_altar, serial_bayou,
          serial_bayou_shore_a, serial_bayou_lake_a, serial_bayou_shore_b,
          serial_bayou_pond_b, lemuel_fruit_fields
Lair:3:   layout_loops_ring, st_stairs_5, grunt_megastairs_1,
          infiniplex_staircase_pool_2
Lair:4:   layout_cave_pods, slime_entry_1, grunt_megastairs_5,
          serial_bayou_shore_b
Lair:5:   grunt_lair_end_beastmaster, layout_misc_corridors
Shoals:1: layout_shoals
Shoals:2: layout_shoals, ldierk_geyser
Shoals:3: layout_shoals, uniq_polyphemus
Shoals:4: shoals_end_grunt_ice, layout_shoals, nicolae_shoals_spectral_cove
Snake:1:  layout_layer_cave, nicolae_snake_ghostly_warrior_ritual
Snake:2:  layout_chambers, gammafunk_ghost_split, lemuel_fruit_tree,
          minmay_shop_star, uniq_asterion, uniq_roxanne, uniq_aizul
Snake:3:  gammafunk_sealed_library, layout_chambers, basic_altar,
          nicolae_shop_gadgets, uniq_mara
Snake:4:  grunt_snake_rune_serpentine_throne, layout_misc_corridors,
          ebering_ghost_disaster_area, drop_trap,
          nicolae_snake_guarding_the_ruins
Orc:1:    layout_caves, basic_altar
Orc:2:    grunt_orc_tribal_feast, layout_diamond_mine
Vaults:1: vaults_mumra_chevron_long, nicolae_vaults_border_crossing,
          hangedman_vaults_impose, ontoclasm_vaults_spin,
          nicolae_vaults_ring_of_whatevers, nicolae_vaults_network_periphery,
          st_more_cells, not_door_vault_mu, ontoclasm_vaults_chip,
          vaults_room_semicircle, v_misc_29, vaults_mumra_hexcomb,
          grunt_vaults_hallway_short, nicolae_vaults_circle_grid_a,
          nicolae_vaults_gold_heap, layout_vaults_ring
Vaults:2: lightli_enter_wizlab_magi_temple, v_pattern_2,
          hangedman_vaults_stagger, vaults_standard_mumra_enter_the_diamond,
          nicolae_vaults_little_squares_5, nicolae_vaults_little_squares_3,
          layout_vaults_quadrants, serial_shops, shop
Vaults:3: v_rooms_5, v_misc_4, minmay_crypt_entry_necro_gods, v_pattern_5,
          vaults_room_octagon, v_misc_8, nicolae_vaults_hallways_thing,
          grunt_vaults_focal, vaults_mumra_lcd, st_octagons_2,
          hangedman_vaults_impose, v_misc_27, hangedman_vaults_maws,
          layout_vaults_maze, uniq_nikola
Vaults:4: hangedman_vaults_unwind, vaults_standard_mumra_lines,
          nicolae_vaults_mini_display_case, grunt_vaults_trifunnel, st_star,
          v_misc_15, v_misc_15, vaults_standard_mumra_x, hangedman_vaults_nails,
          v_alt_pattern_3, grunt_vaults_hallway_long, v_misc_23,
          vaults_room_hallway, layout_vaults_omnibox, serial_shops,
          nicolae_diamond_shop, uniq_xtahua
Depths:1: layout_cave_pools, hellmouth_1, serial_shops, shop, chequers_jeans,
          minmay_three_doors, infiniplex_staircase_pool_lava, uniq_enchantress
Depths:2: minmay_bloctagon, layout_cave_pools, enter_ziggurat_b, pan_entry,
          hell_entry

Skill      XL: |  1  2  3  4  5  6  7  8  9 10 11 12 13 14 15 16 17 18 19 20 21 |
---------------+----------------------------------------------------------------+-----
Axes           | 2 3 5 6 7 9 10 11 12 13 15 16 18 | 18.0
Fighting       | 4 5 6 8 9 10 11 12 13 15 17 18 20 | 20.1
Dodging        | 1 2 3 5 6 |  6.0
Shields        | 7 8 9 10 11 12 13 14 15 19 20 21 | 21.0
Throwing       | 1 2 4 5 6 8 |  8.9
Armour         | 5 6 8 9 10 11 12 13 14 15 16 18 19 | 19.0
Invocations    | 4 5 9 10 | 10.0

Action                   |  1- 3 |  4- 6 |  7- 9 | 10-12 | 13-15 | 16-18 | 19-21 | 22-24 || total
-------------------------+-------+-------+-------+-------+-------+-------+-------+-------++-------
Melee: War axe           |    85 |   103 |   314 |   418 |       |       |       |       ||   920
       Broad axe         |       |       |       |   157 |  1382 |  1646 |  1420 |    50 ||  4655
       Flail             |       |       |       |     9 |     8 |       |       |       ||    17
Throw: Boomerang         |       |     7 |    20 |    65 |    50 |    49 |   100 |     4 ||   295
       Javelin           |       |       |       |    20 |    54 |    19 |    34 |     1 ||   128
Invok: Heroism           |       |       |       |    33 |    50 |    48 |    42 |     2 ||   175
       Finesse           |       |       |       |     1 |     4 |     9 |    12 |     1 ||    27
  Use: Scroll            |     4 |     9 |     6 |     5 |    12 |     8 |     5 |     2 ||    51
       Potion            |     2 |     5 |     5 |     1 |       |     2 |     2 |     1 ||    18
 Stab: Petrifying        |       |       |       |       |     1 |       |       |       ||     1
       Distracted        |       |       |       |       |     1 |       |    18 |     1 ||    20
Armor: Scale mail        |    54 |    74 |    10 |       |       |       |       |       ||   138
       Chain mail        |       |       |   110 |       |       |       |       |       ||   110
       Plate armour      |       |       |    23 |   251 |   799 |   748 |   493 |    14 ||  2328
Dodge: Dodged            |    32 |    59 |   110 |   202 |   470 |   543 |   341 |    12 ||  1769
Block: Buckler           |    16 |    22 |     1 |       |       |       |       |       ||    39
       Kite shield       |       |       |   120 |   316 |   737 |   994 |    78 |       ||  2245
       Tower shield      |       |       |       |       |       |       |   939 |    24 ||   963

Table legend:
 A = Non-vault XP
 B = Vault XP
 C = Vault XP percentage of total XP
 D = Non-vault monster count
 E = Vault monster count
 F = Vault count percentage of total count
                 A         B        C        D         E       F
            +---------+---------+-------+---------+---------+-------
      Total |  372814 |  234911 |  38.7 |     944 |     436 |  31.6
            +---------+---------+-------+---------+---------+-------
        D:1 |      22 |       0 |   0.0 |      11 |       0 |   0.0
        D:2 |      75 |       0 |   0.0 |      23 |       0 |   0.0
        D:3 |     333 |     139 |  29.4 |      23 |       7 |  23.3
        D:4 |     164 |     949 |  85.3 |      13 |       3 |  18.8
        D:5 |     470 |       0 |   0.0 |      14 |       0 |   0.0
        D:6 |     515 |      54 |   9.5 |      19 |      22 |  53.7
        D:7 |     859 |       0 |   0.0 |      17 |       0 |   0.0
        D:8 |    2921 |     589 |  16.8 |      23 |       5 |  17.9
        D:9 |    2467 |    1165 |  32.1 |      33 |       3 |   8.3
       D:10 |    3097 |       0 |   0.0 |      31 |       0 |   0.0
       D:11 |    4436 |    1326 |  23.0 |      13 |       6 |  31.6
       D:12 |    2873 |     828 |  22.4 |      11 |      29 |  72.5
       D:13 |   10009 |       0 |   0.0 |      27 |       0 |   0.0
       D:14 |    9418 |    2045 |  17.8 |      19 |       3 |  13.6
       D:15 |   12969 |    1640 |  11.2 |      21 |      21 |  50.0
     Lair:1 |    6180 |       0 |   0.0 |      23 |       0 |   0.0
     Lair:2 |    3566 |    1184 |  24.9 |      14 |       8 |  36.4
     Lair:3 |    5746 |    2322 |  28.8 |      23 |       4 |  14.8
     Lair:4 |   11236 |     893 |   7.4 |      32 |       2 |   5.9
     Lair:5 |    8399 |    7574 |  47.4 |      24 |      18 |  42.9
   Shoals:1 |   12659 |       0 |   0.0 |      23 |       0 |   0.0
   Shoals:2 |   14901 |    2425 |  14.0 |      28 |       3 |   9.7
   Shoals:3 |   12250 |    2449 |  16.7 |      26 |       2 |   7.1
   Shoals:4 |   22084 |   23037 |  51.1 |      45 |      41 |  47.7
    Snake:1 |   12000 |    5935 |  33.1 |      27 |       9 |  25.0
    Snake:2 |   19169 |    4307 |  18.3 |      39 |       3 |   7.1
    Snake:3 |   17487 |    4511 |  20.5 |      38 |       1 |   2.6
    Snake:4 |   21903 |   29306 |  57.2 |      46 |      48 |  51.1
      Orc:1 |    1862 |       0 |   0.0 |      23 |       0 |   0.0
      Orc:2 |    2604 |    7321 |  73.8 |      16 |      30 |  65.2
   Vaults:1 |   33340 |   25883 |  43.7 |      52 |      35 |  40.2
   Vaults:2 |   28501 |   10489 |  26.9 |      44 |      16 |  26.7
   Vaults:3 |   23693 |   32367 |  57.7 |      39 |      40 |  50.6
   Vaults:4 |   19123 |   38989 |  67.1 |      24 |      48 |  66.7
   Depths:1 |   29615 |   14147 |  32.3 |      38 |      17 |  30.9
   Depths:2 |   15868 |   13037 |  45.1 |      22 |      12 |  35.3
            +---------+---------+-------+---------+---------+-------
